 Dungeon Crawl Stone Soup version 0.18-a0-2-g0e512fa (webtiles) character file.

12985970 Mercurio the Intangible (level 27, 323/323 HPs)
             Began as an Ogre Berserker on Oct 28, 2015.
             Was the Champion of Trog.
             Escaped with the Orb
             ... and 15 runes on Oct 31, 2015!
             The game lasted 19:38:42 (124549 turns).

Mercurio the Intangible (Ogre Berserker)          Turns: 124549, Time: 19:38:42

Health: 323/323    AC: 46    Str: 35    XL:     27
Magic:  8/8        EV: 32    Int: 10    God:    Trog [******]
Gold:   15715      SH: 36    Dex: 28    Spells: 0 memorised, 26 levels left

rFire  + + .     SeeInvis +     R - +9 eveningstar (antimagic)
rCold  + . .     Clarity  .     J - +9 gold dragon armour
rNeg   + . .     SustAt   .     H - +6 large shield of Guacs {+Inv rF+ rC+}
rPois  +         Gourm    .     B - +2 hat {SInv} (curse)
rElec  +         Spirit   .     W - +4 cloak of Masochism {rPois Regen+}
rCorr  .         Warding  .     (gloves unavailable)
rMut   +         Stasis   .     (boots unavailable)
MR     ++...                    Y - amulet of Tulips {rMut rElec rN+}
Stlth  ..........               g - ring "Pyavac Poan" {Str+3 Int+4 Slay+3 SInv}
                                T - ring of Truth {rC- MP-9 EV+3 Str+2 Dex+10}

@: very resistant to hostile enchantments, extremely unstealthy
A: unfitting armour, thin metallic scales 1, tough skin 1
a: Berserk, Trog's Hand, Brothers in Arms, Burn Spellbooks, Renounce Religion,
Evoke Invisibility
0: Orb of Zot
}: 15/15 runes: serpentine, barnacled, slimy, silver, golden, iron, obsidian,
icy, bone, abyssal, demonic, glowing, magical, fiery, dark


You escaped.
You worshipped Trog.
Trog was exalted by your worship.
You were not hungry.

You visited 18 branches of the dungeon, and saw 94 of its levels.
You visited Pandemonium 3 times, and saw 45 of its levels.
You visited the Abyss 1 time.
You visited 1 ziggurat, and saw 15 of its levels.
You also visited: Ice Cave and Volcano.

You collected 21031 gold pieces.
You spent 5316 gold pieces at shops.

Inventory:

Hand Weapons
 y - a +9 sacred scourge of holy wrath
 R - a +9 antimagic eveningstar (weapon)
Missiles
 G - 43 javelins of penetration
 U - 124 large rocks (quivered)
Armour
 B - a cursed +2 hat of see invisible (worn)
 H - the +6 large shield of Guacs (worn) {+Inv rF+ rC+}
   (You took it off a daeva in Pandemonium)

   It protects you from fire.
   It protects you from cold.
   It lets you turn invisible.
 J - a +9 gold dragon armour (worn)
 W - the +4 cloak of Masochism (worn) {rPois Regen+}
   (You found it on level 6 of the Pits of Slime)

   It protects you from poison.
   It increases your rate of regeneration.
Jewellery
 c - the amulet of the Four Winds {Clar rN+ MR+++}
   (You found it on level 2 of the Depths)

   [amulet of clarity]

   It provides mental clarity.
   It protects you from negative energy.
   It affects your resistance to hostile enchantments.
 g - the ring "Pyavac Poan" (right hand) {Str+3 Int+4 Slay+3 SInv}
   (You found it on level 14 of a ziggurat)

   [ring of intelligence]

   It affects your strength (+3).
   It affects your intelligence (+4).
   It affects your accuracy and damage with ranged weapons and melee attacks
   (+3).
   It lets you see invisible.
 k - the ring "Weog" {SustAt MP+9 Dex+4}
   (You found it on level 8 of a ziggurat)

   [ring of sustain attributes]

   It sustains your strength, intelligence and dexterity.
   It affects your dexterity (+4).
   It affects your magic capacity (+9).
 p - the ring "Fac Moa" {rF++ rN+ MP+9 Int+2, U wanna Fac Moa?}
   (You found it on level 3 of the Elven Halls)

   [ring of magical power]

   It affects your intelligence (+2).
   It greatly protects you from fire.
   It protects you from negative energy.
   It affects your magic capacity (+9).
 u - the ring "Jigais" {rElec rPois Str+2 Int-2 Slay+2}
   (You found it on level 3 of the Tomb of the Ancients)

   [ring of strength]

   It affects your strength (+2).
   It affects your intelligence (-2).
   It affects your accuracy and damage with ranged weapons and melee attacks
   (+2).
   It insulates you from electricity.
   It protects you from poison.
 A - the amulet "Sucrad Dorph" {rCorr rPois rF++ Int-2}
   (You found it on level 3 of the Tomb of the Ancients)

   [amulet of resist corrosion]

   It protects you from acid and corrosion.
   It affects your intelligence (-2).
   It greatly protects you from fire.
   It protects you from poison.
 F - the amulet of Dirulepp {rCorr rC+}
   (You found it in Pandemonium)

   [amulet of resist corrosion]

   It protects you from acid and corrosion.
   It protects you from cold.
 L - the ring "Ojourain" {SustAt rF+}
   (You found it on level 7 of Gehenna)

   [ring of sustain attributes]

   It sustains your strength, intelligence and dexterity.
   It protects you from fire.
 O - the ring of Tig Asm {-Tele rF+ rC++ Str+3 Stlth+}
   (You found it on level 10 of a ziggurat)

   [ring of strength]

   It affects your strength (+3).
   It protects you from fire.
   It greatly protects you from cold.
   It prevents most forms of teleportation.
   It makes you more stealthy.
 P - the ring "Puoriw Hobb" {rF+ rN+++ Str-3 Dex-5}
   (You found it on level 7 of the Lair of Beasts)

   [ring of protection from fire]

   It affects your strength (-3).
   It affects your dexterity (-5).
   It protects you from fire.
   It renders you almost immune to negative energy.
 T - the ring of Truth (left hand) {rC- MP-9 EV+3 Str+2 Dex+10}
   (You found it on level 2 of the Depths)

   [ring of evasion]

   It affects your evasion (+3).
   It affects your strength (+2).
   It affects your dexterity (+10).
   It makes you vulnerable to cold.
   It affects your magic capacity (-9).
 Y - the amulet of Tulips (around neck) {rMut rElec rN+}
   (You found it on level 7 of Gehenna)

   [amulet of resist mutation]

   It protects you from mutation.
   It insulates you from electricity.
   It protects you from negative energy.
 Z - the ring "Cadda" {rC+ Dex+5}
   (You found it on level 7 of Gehenna)

   [ring of dexterity]

   It affects your dexterity (+5).
   It protects you from cold.
Wands
 b - a wand of teleportation (8)
 e - a wand of digging (11)
 v - a wand of hasting (9)
 E - a wand of heal wounds (7)
 S - a wand of disintegration (4)
Scrolls
 a - 7 scrolls of fear
 j - a scroll of summoning
 o - 18 scrolls of fog
 q - 3 scrolls of identify
 r - 46 scrolls of remove curse
 t - 27 scrolls of teleportation
 x - 9 scrolls of blinking
 N - a scroll of holy word
 X - 2 scrolls of silence
Potions
 d - 25 potions of curing
 h - 6 potions of might
 i - 5 potions of heal wounds
 l - a potion of cure mutation
 m - 8 potions of agility
 w - 2 potions of resistance
 z - 2 potions of haste
 M - 5 potions of flight
 V - 4 potions of cancellation
Miscellaneous
 f - a legendary deck of defence {drawn: 2}
 n - a legendary deck of defence {drawn: 8}
 I - 3 phantom mirrors
 Q - a legendary deck of changes
Comestibles
 s - 44 bread rations
 C - 24 meat rations
 D - 17 royal jellies
 K - a beef jerky


   Skills:
 O Level 27 Fighting
 O Level 27 Maces & Flails
 O Level 27 Throwing
 O Level 27 Armour
 O Level 27 Dodging
 O Level 27 Shields
 + Level 16.7 Evocations


You had 26 spell levels left.
You didn't know any spells.

Dungeon Overview and Level Annotations

Branches:
Dungeon (15/15)            Temple (1/1) D:6            Lair (8/8) D:11
 Shoals (4/4) Lair:3        Snake (4/4) Lair:5        Slime (6/6) Lair:6
    Orc (4/4) D:12            Elf (3/3) Orc:3        Vaults (5/5) D:13
  Crypt (3/3) Vaults:3       Tomb (3/3) Crypt:3      Depths (5/5) D:15
   Hell (1/1)                 Dis (7/7) Hell            Geh (7/7) Hell
    Coc (7/7) Hell            Tar (7/7) Hell            Zot (5/5) Depths:5

Altars:
Ashenzari
Dithmenos
Elyvilon
Fedhas
Gozag
Kikubaaqudgha
Makhleb
Okawaru
Qazlal
Sif Muna
Trog
Xom
Yredelemnul
Zin
Beogh
Jiyva

Shops:
D:5 ?   D:9 }[=[   D:11 [   Orc:2 !   Orc:4 ([*:   Elf:3 [   Shoals:1 *
Shoals:3 =   Snake:1 [   Vaults:1 *(*   Vaults:4 =   Depths:2 ?*

Portals:
Hell: Depths:1 Depths:2 Depths:3 Depths:4 Depths:5
Abyss: Depths:2 Depths:4
Pandemonium: Depths:2 Depths:3 Depths:5
Ziggurat: Depths:3

Annotations:
Lair:1 exclusion: oklob plant
Depths:3 Ziggurat
Tar:6 8 exclusions


Innate Abilities, Weirdness & Mutations

You are too large for most types of armour.
You have tough skin (AC +1).
You are partially covered in thin metallic scales (AC +2).


Message History

Zymeol is almost dead.
You block the small abomination's attack.
You bludgeon Zymeol!!
You kill Zymeol!
Trog accepts your kill. You block the orange demon's attack.
You impale the small abomination!!
You destroy the small abomination!
You block the orange demon's attack. You block the orange demon's attack.
You climb upwards.
There is a stone staircase leading down here.
A white imp comes into view.
The white imp shouts, "Scamper home, thou quaking spleeny clack-dish!"
You block the white imp's attack.
You bludgeon the white imp!!
You kill the white imp!
Trog accepts your kill.
There is a staircase leading out of the dungeon here.
You have escaped!

############.........#..########.
.........##.....#................
########.#.....###.....#########'
..............#####.....## #.....
.#######.....#.....#.....###.....
'## ##.....###...###)....##.....
..# ##.....#####.#####.....#.....
..###.....#...........#..........
..##.....###....@....###.....###+
..'.....#####.......#####....# #.
..#....#.....#.....#.....#...# ##
..#...###...###...###...###..# #
..#..#####.#####.#####.#####.# #
###..........................# #
.......###.................######
###.##.##..########......#.##....
###.##.##..#.............#.##....


There were no monsters in sight!

Vanquished Creatures
  Cerebov (Pan)
  Antaeus (Coc:7)
  Asmodeus (Geh:7)
  the royal jelly (Slime:6)
  Ereshkigal (Tar:7)
  Gloorx Vloq (Pan)
  the Serpent of Hell (Dis:7)
  A seraph (Pan)
  Mnoleg (Pan)
  11 ancient liches
  Lom Lobon (Pan)
  Dispater (Dis:7)
  The ghost of ZlagarX the Sensei, a legendary DsMo of Trog (Zot:2)
  Khufu (Tomb:3)
  An orb of fire (Zot:5)
  The ghost of twist the Axe Maniac, a legendary MiBe of Trog (Zig:12)
  The ghost of Alamar the Slayer, a legendary DsSk of Cheibriados (Tomb:1)
  Mennas (Vaults:3)
  24 pandemonium lords
  A juggernaut (Depths:5)
  35 greater mummies
  Sojobo (Depths:2)
  Boris (Crypt:2)
  The ghost of Eptagon the Ninja, a master VSEn of Okawaru (Slime:3)
  Frederick (Vaults:3)
  Saint Roka (Elf:2)
  18 shard shrikes
  A caustic shrike (Depths:4)
  3 curse toes
  12 Killer Klowns
  A caustic shrike (shapeshifter) (Vaults:5)
  Geryon (Hell)
  9 golden dragons
  A pearl dragon (Pan)
  23 liches
  22 Brimstone Fiends
  6 bone dragons
  3 electric golems
  Jorgrun (Shoals:3)
  Rupert (Lair:5)
  13 Hell Sentinels
  3 quicksilver dragons
  24 Orb Guardians
  16 Ice Fiends
  Asterion (Depths:3)
  2 deep elf blademasters (Elf:3)
  11 tentacled monstrosities
  9 titans
  15 Shadow Fiends
  A deep elf master archer (Elf:3)
  2 eldritch tentacles
  29 acid blobs
  35 Executioners
  13 sphinxes
  7 tentacled starspawn
  Polyphemus (Shoals:3)
  A sphinx (shapeshifter) (Zig:12)
  6 ancient champions
  2 thorn hunters (Zig:13)
  4 death cobs
  Kirke (Lair:7)
  8 shadow dragons
  2 draconian monks
  7 revenants
  10 storm dragons
  Roxanne (D:15)
  Ilsuiw (Shoals:3)
  12 daevas (Pan)
  18 fire giants
  21 vault wardens
  10 greater nagas
  7 ghost moths
  2 fire giants (shapeshifter) (Zig:15)
  Donald (Shoals:4)
  7 tengu reavers
  13 azure jellies
  A ghost moth (shapeshifter) (Vaults:5)
  26 cacodemons
  2 orc warlords
  7 draconian knights
  19 frost giants
  16 iron dragons
  7 deep elf sorcerers
  2 draconian zealots
  An emperor scorpion (Zig:9)
  Aizul (Snake:1)
  5 draconian scorchers
  2 curse skulls
  5 ghouls
  19 balrugs
  49 reapers
  26 stone giants
  16 war gargoyles
  5 draconian shifters
  9 spriggan defenders
  11 warmongers
  23 ironheart preservers
  23 very ugly things
  5 draconian annihilators
  19 angels (Pan)
  10 ophanim (Pan)
  An elemental wellspring (Coc:7)
  9 deep elf demonologists
  8 apis (Pan)
  5 draconian callers
  5 green draconians
  Nessos (Volcano)
  8 salamander firebrands
  6 black draconians
  8 red draconians
  3 corrupters (Pan)
  13 chaos champions
  11 vampire knights
  12 blood saints (Pan)
  9 purple draconians
  14 deep elf annihilators
  A dire elephant (D:15)
  10 white draconians
  8 bennus
  3 mottled draconians
  4 yellow draconians
  3 salamander stormcallers
  11 black suns (Pan)
  22 lorocyprocas
  4 eidola
  34 vault guards
  25 blizzard demons
  6 quicksilver dragon zombies
  22 mummy priests
  8 merfolk javelineers
  12 fire dragons
  10 deep elf death magi
  4 crystal guardians
  Erolcha (D:13)
  13 ogre magi
  17 green deaths
  9 jiangshi
  17 ettins
  10 death oozes
  10 merfolk impalers
  A fire dragon (shapeshifter) (Depths:3)
  3 kraken zombies
  27 ice dragons
  5 rakshasas
  6 deep elf high priests
  4 spriggan air magi
  Fannar (D:11)
  8 entropy weavers
  13 yaktaur captains
  20 great orbs of eyes
  11 hell beasts (Pan)
  16 naga warriors
  An ice dragon (shapeshifter) (Zig:8)
  2 ghost crabs
  15 anacondas
  15 hydras
  13 monstrous demonspawn (Pan)
  5 merfolk avatars
  4 quicksilver dragon skeletons
  A ghost crab (shapeshifter) (Zig:15)
  2 alligator snapping turtles (Shoals:2)
  An alligator snapping turtle (shapeshifter) (Zig:14)
  9 merfolk aquamancers
  Erica (D:8)
  2 alligators (Zig:13)
  4 catoblepae
  19 centaur warriors
  22 dancing weapons
  3 death knights
  A satyr (Shoals:4)
  2 orc high priests (Orc:4)
  9 death yaks
  13 thrashing horrors
  6 tengu warriors
  11 naga sharpshooters
  9 deep troll shamans
  4 spriggan berserkers
  7 titan zombies
  6 vampire magi
  7 shock serpents
  The ghost of Ohli the Spear-Bearer, a novice CeHu of Okawaru (D:9)
  13 hell hogs
  Urug (D:12)
  10 deep troll earth magi
  47 sun demons
  2 iron golems (Hell)
  40 soul eaters
  30 hell knights
  Nergalle (Lair:4)
  5 storm dragon zombies
  9 wretched stars
  6 wizards
  9 iron trolls
  71 large abominations
  An unseen horror (shapeshifter) (Zig:15)
  108 skeletal warriors
  8 titan skeletons
  2 golden dragon zombies
  7 spatial maelstroms
  45 death scarabs
  9 infernal demonspawn
  51 ice devils
  4 ghost moth zombies
  12 flayed ghosts
  2 fire crabs
  8 sea snakes
  13 unseen horrors
  27 deep elf knights
  49 deep trolls
  12 gelid demonspawn (Pan)
  7 salamander mystics
  8 anaconda zombies
  17 shadow wraiths
  3 spriggan druids
  17 naga ritualists
  12 cherubim (Pan)
  9 deep elf summoners
  A shambling mangrove (Zig:13)
  An obsidian statue (Depths:5)
  An orange crystal statue (Zot:5)
  5 giant orange brains
  15 phantasmal warriors
  Pikel (D:7)
  4 anaconda skeletons
  2 lindwurms
  7 hill giants
  32 starcursed masses
  A harpy (shapeshifter) (Zot:2)
  19 ironbrand convokers
  6 putrid demonspawn (Pan)
  26 shadow demons
  16 manticores
  3 swamp dragons (Zig:13)
  5 shadow dragon zombies
  14 necromancers
  5 iron dragon zombies
  6 water nymphs
  3 hornets
  17 torturous demonspawn (Pan)
  14 griffons
  70 ugly things
  11 orc knights
  31 sixfirhies
  22 anubis guards
  2 orb spiders (Zig:9)
  A wolf spider (shapeshifter) (Zig:12)
  16 harpies
  5 shadow dragon skeletons
  4 wolf spider zombies
  3 frost giant zombies
  5 elephants
  A faun (shapeshifter) (Zig:15)
  22 deep elf conjurers
  A hornet (shapeshifter) (Depths:3)
  9 wolf spiders
  A moth of wrath (shapeshifter) (Zig:12)
  11 orc sorcerers
  8 fire giant zombies
  34 salamanders
  5 oklob plants (Zig:11)
  9 cyclopes
  12 shining eyes
  11 fauns
  21 mana vipers
  2 stone giant zombies
  5 iron dragon skeletons
  A salamander (shapeshifter) (Vaults:2)
  2 octopodes (shapeshifter)
  5 moths of wrath
  36 rust devils
  5 stone giant skeletons
  4 apocalypse crabs
  5 worldbinders
  8 dire elephant zombies
  6 frost giant skeletons
  5 fire giant skeletons
  5 torpor snails (Lair:8)
  12 guardian serpents
  9 molten gargoyles
  8 sirens
  7 ice statues
  53 black mambas
  4 gargoyles
  45 smoke demons
  13 vault sentinels
  13 naga magi
  5 spectral swamp worms (Depths:4)
  A torpor snail (shapeshifter) (Zig:14)
  2 guardian serpents (shapeshifter)
  12 efreet
  20 hellions
  4 eyes of devastation
  26 spiny frogs
  A shock serpent skeleton (Geh:4)
  2 catoblepas zombies
  3 dire elephant skeletons
  3 emperor scorpion zombies
  44 orange demons
  A sea snake zombie (Crypt:1)
  48 red devils
  13 deep elf priests
  31 freezing wraiths
  A komodo dragon (shapeshifter) (Abyss:2)
  42 yaktaurs
  7 fire drakes
  2 silent spectres
  27 hellwings
  11 demonic crawlers
  4 kobold demonologists
  2 anaconda simulacra
  13 ancient zymes
  A catoblepas skeleton (Abyss:2)
  3 harpy zombies
  42 tormentors
  16 komodo dragons
  10 trolls
  15 hydra zombies
  29 merfolk
  A wolf spider simulacrum (Vaults:1)
  A troll (shapeshifter) (Depths:3)
  39 guardian mummies
  4 tengu conjurers
  5 giant leeches
  37 blue devils
  139 slime creatures
  A wind drake (shapeshifter) (Depths:2)
  15 blink frogs
  A polar bear (shapeshifter) (Vaults:1)
  16 two-headed ogres
  3 harpy skeletons
  Prince Ribbit (D:6)
  2 jumping spiders
  28 raiju
  A shadow dragon simulacrum (Vaults:3)
  A wind drake (Shoals:4)
  4 boulder beetles
  A two-headed ogre (shapeshifter) (Depths:2)
  16 ushabtiu
  6 alligator zombies
  4 bog bodies
  4 fire dragon zombies
  11 hydra skeletons
  A jumping spider zombie (Crypt:1)
  3 blink frogs (shapeshifter)
  A raiju (shapeshifter) (Vaults:3)
  2 trapdoor spiders
  2 ice dragon zombies
  5 snapping turtles
  A snapping turtle (shapeshifter) (Elf:2)
  4 ettin zombies
  6 ettin skeletons
  A spriggan (shapeshifter) (Zig:12)
  5 spriggans
  2 ice dragon skeletons
  6 alligator skeletons
  3 hungry ghosts
  45 ynoxinuls
  10 fire dragon skeletons
  A griffon skeleton (Crypt:1)
  An air elemental (Abyss:4)
  16 fire elementals
  90 flying skulls
  16 hippogriffs
  3 tarantellas
  A redback (shapeshifter) (Depths:1)
  17 redbacks
  25 water elementals
  33 deep elf magi
  15 shadows
  A black mamba zombie (Dis:4)
  A black mamba skeleton (Abyss:4)
  14 golden eyes
  12 vampires
  11 wyverns
  A trapdoor spider (shapeshifter) (Elf:2)
  31 chaos spawn
  51 deep elf fighters
  19 wraiths
  3 fire bats (Volcano)
  47 yaks
  A hippogriff (shapeshifter) (Vaults:5)
  A wolf (shapeshifter) (Depths:3)
  48 neqoxecs
  A human (shapeshifter) (Vaults:2)
  21 vampire mosquitoes
  10 basilisks
  A wind drake skeleton (Crypt:2)
  Menkaure (D:7)
  15 water moccasins
  11 wolves
  A hog (shapeshifter) (Vaults:5)
  An insubstantial wisp (Zig:13)
  A spatial vortex (Abyss:2)
  13 porcupines
  8 wargs
  A mottled dragon (Vaults:1)
  53 hell hounds
  A gelid demonspawn zombie (Tar:7)
  A hornet simulacrum (Vaults:1)
  A spider (Zig:9)
  A yaktaur simulacrum (Vaults:3)
  Duvessa (D:6)
  7 spiny frog zombies
  65 nagas
  A slave (D:6)
  52 orc warriors
  3 spiny frog skeletons
  A water moccasin (shapeshifter) (Depths:2)
  An infernal demonspawn skeleton (Crypt:2)
  2 sky beasts
  2 swamp drakes
  6 phantoms
  A swamp dragon zombie (Geh:1)
  15 wasps
  20 necrophages
  An ettin simulacrum (Coc:1)
  10 boggarts
  11 eyes of draining
  A lindwurm skeleton (Crypt:2)
  18 ice beasts
  28 centaurs
  2 manticore skeletons
  55 ogres
  3 snapping turtle zombies
  4 swamp dragon skeletons
  7 snapping turtle skeletons
  14 crocodiles
  5 big kobolds
  20 small abominations
  6 brain worms
  19 giant frogs
  A komodo dragon zombie (Crypt:1)
  4 elf zombies
  2 wyvern zombies
  Dowan (D:6)
  An elf skeleton (D:15)
  9 scorpions
  2 wyvern skeletons
  A draconian skeleton (Crypt:2)
  A water moccasin zombie (D:10)
  A yak zombie (Crypt:1)
  A merfolk simulacrum (Tomb:1)
  A troll zombie (Geh:1)
  40 wights
  4 killer bees
  A troll skeleton (D:10)
  3 quasits
  A snapping turtle simulacrum (Coc:5)
  4 electric eels
  3 spriggan skeletons (D:10)
  20 iron imps
  29 crimson imps
  A wasp zombie (D:14)
  3 centaur zombies
  6 giant frog zombies
  10 hounds
  10 lava snakes
  Crazy Yiuf (D:6)
  7 centaur skeletons
  6 human zombies
  27 orc priests
  A giant frog skeleton (D:9)
  4 human skeletons (D:15)
  33 jellies
  51 orc wizards
  10 hell rats
  An elf simulacrum (Vaults:3)
  9 worker ants
  12 iguanas
  6 lightning spires (Abyss:4)
  28 sheep
  A deep dwarf zombie (Crypt:1)
  A sheep (shapeshifter) (Depths:5)
  A naga zombie (Dis:2)
  A hound zombie (D:10)
  45 mummies
  A hound skeleton (D:4)
  A human simulacrum (Abyss:2)
  16 adders
  102 river rats
  A swamp drake skeleton (Crypt:1)
  11 shadow imps
  30 white imps
  10 ufetubi
  3 giant eyeballs
  3 adder zombies
  9 oozes
  16 worms
  8 giant geckos
  186 orcs
  18 bats
  3 bat zombies (Shoals:1)
  4 giant cockroaches
  5 goblins
  13 hobgoblins
  14 jackals
  8 quokkas
  A ball python (D:5)
  A ball python skeleton (Crypt:1)
  7 giant newts
  A jackal zombie (D:5)
  9 kobolds
  An orc skeleton (Crypt:1)
  3 orc zombies
  A quokka skeleton (D:5)
  19 rats
  2 crawling corpses (Elf:3)
  An eldritch tentacle segment (Coc:7)
  6 fungi
  A lost soul (Crypt:3)
  10 plants
  A starspawn tentacle (Abyss:1)
  A tentacle (Coc:7)
5747 creatures vanquished.

Vanquished Creatures (collateral kills)
  The ghost of P0WERM0DE the Ruinous, a veteran DsFE of Vehumet (Slime:3)
  Vashnia (Snake:4)
  A tentacled monstrosity (Pan)
  A tengu reaver (Depths:2)
  A fire giant (shapeshifter) (Zig:12)
  The ghost of zigs the Eclecticist, an adept SpWz of Gozag (Elf:2)
  A fire giant (Vaults:3)
  2 balrugs
  4 very ugly things
  A reaper (Dis:7)
  A purple draconian (Zig:10)
  A yellow draconian (Zig:10)
  A naga warrior (Snake:4)
  3 naga sharpshooters (Snake:4)
  A shock serpent (Snake:4)
  A hell hog (Zig:7)
  An infernal demonspawn (Pan)
  An orange crystal statue (Zig:5)
  An iron dragon zombie (Dis:7)
  A hornet (Zig:9)
  A griffon (D:10)
  5 ugly things
  A salamander (Snake:4)
  A rust devil (Dis:7)
  A spriggan zombie (Zig:5)
  2 apocalypse crabs (Zig:12)
  5 jumping spiders (Zig:9)
  A slime creature (Slime:3)
  2 chaos spawn (Zig:12)
  A vampire mosquito (Vaults:3)
  An elf skeleton (Zig:5)
  A hell hound (Zig:5)
  2 nagas (Snake:4)
50 creatures vanquished.

Vanquished Creatures (others)
  2 Killer Klowns (Zig:14)
  A pandemonium lord (Zig:14)
  7 eldritch tentacles
  A fire giant (shapeshifter) (Zig:14)
  A very ugly thing (Zig:14)
  2 warmongers (Pan)
  A stone giant (Depths:3)
  An elemental wellspring (Coc:7)
  A reaper (Tar:7)
  A chaos champion (Zig:14)
  A deep elf annihilator (Pan)
  A lorocyproca (Zig:14)
  2 rakshasas (Pan)
  An ogre mage (Vaults:5)
  A storm dragon zombie (Tomb:2)
  A skeletal warrior (Tomb:1)
  2 death scarabs (Tomb:3)
  A wizard (Pan)
  13 ball lightnings (Pan)
  An ice devil (Pan)
  A golden dragon zombie (Dis:7)
  A manticore (shapeshifter) (Zig:14)
  An ugly thing (Zig:14)
  A smoke demon (Pan)
  4 yaktaurs
  A freezing wraith (Vaults:5)
  A merfolk (Shoals:2)
  A harpy skeleton (Geh:2)
  7 flying skulls (Tomb:2)
  An air elemental (Depths:3)
  2 humans (Lair:7)
  A water elemental (Coc:1)
  A chaos spawn (Zig:14)
  A wolf (shapeshifter) (Zig:14)
  2 nagas (Snake:4)
  A water moccasin (Lair:7)
  A slave (D:7)
  A centaur (Vaults:2)
  A wight (Geh:2)
  A water moccasin skeleton (D:7)
  2 small abominations (Abyss:2)
  A crimson imp (Geh:7)
  A human zombie (Tomb:3)
  An orc wizard (D:7)
  An orc priest (D:7)
  A giant frog skeleton (D:7)
  A mummy (Tomb:1)
  An adder (D:7)
  2 shadow imps (Tar:3)
  2 white imps (Coc:7)
  4 ufetubi (IceCv)
  3 orcs
  620 eldritch tentacle segments
  9 fulminant prisms (Zig:14)
  42 fungi
  7 lost souls
  37 plants
  16 starspawn tentacles
  68 starspawn tentacle segments
  14 tentacles
  415 tentacle segments
1321 creatures vanquished.

Grand Total: 7118 creatures vanquished

Notes
Turn   | Place    | Note
--------------------------------------------------------------
     0 | D:1      | Mercurio the Ogre Berserker began the quest for the Orb.
     0 | D:1      | Reached XP level 1. HP: 24/24 MP: 1/1
   330 | D:1      | Reached XP level 2. HP: 25/32 MP: 2/2
   668 | D:1      | Reached ** piety under Trog
   850 | D:1      | Reached XP level 3. HP: 31/40 MP: 3/3
  1013 | D:2      | Reached skill level 5 in Maces & Flails
  1192 | D:2      | Reached XP level 4. HP: 27/49 MP: 4/4
  1399 | D:2      | Reached skill level 5 in Fighting
  2187 | D:3      | Reached *** piety under Trog
  2273 | D:3      | Found a stormy altar of Qazlal.
  2332 | D:3      | Reached XP level 5. HP: 53/58 MP: 5/5
  2731 | D:4      | Reached skill level 6 in Fighting
  2807 | D:4      | Reached XP level 6. HP: 68/68 MP: 6/6
  3064 | D:4      | Reached skill level 7 in Fighting
  3428 | D:4      | Reached XP level 7. HP: 59/78 MP: 7/7
  3667 | D:4      | Noticed a phantom
  3719 | D:4      | Killed a phantom
  3719 | D:4      | Reached skill level 8 in Fighting
  4074 | D:5      | Entered Level 5 of the Dungeon
  4694 | D:5      | Reached skill level 9 in Fighting
  4694 | D:5      | Reached XP level 8. HP: 92/92 MP: 8/8
  5208 | D:5      | Reached skill level 10 in Fighting
  5208 | D:5      | Reached skill level 10 in Maces & Flails
  5266 | D:5      | Found Xacaut's Magic Scroll Shop.
  5276 | D:5      | Bought a scroll of enchant weapon for 97 gold pieces
  5276 | D:5      | Bought a scroll of identify for 26 gold pieces
  5276 | D:5      | Bought a scroll of remove curse for 39 gold pieces
  5276 | D:5      | Bought a scroll of identify for 26 gold pieces
  5289 | D:5      | Reached **** piety under Trog
  5888 | D:6      | Noticed Crazy Yiuf
  5892 | D:6      | Killed Crazy Yiuf
  5945 | D:6      | Upgraded the game from 0.17-a0-2217-ga280b8d to 0.17-a0-2231-gd80ca38
  6341 | D:6      | Reached XP level 9. HP: 102/102 MP: 9/9
  6472 | D:6      | Noticed Duvessa
  6472 | D:6      | Noticed Dowan
  6475 | D:6      | Killed Duvessa
  6477 | D:6      | Killed Dowan
  6608 | D:6      | Found a staircase to the Ecumenical Temple.
  6612 | Temple   | Entered the Ecumenical Temple
  6729 | D:6      | Noticed Prince Ribbit
  6741 | D:6      | Killed Prince Ribbit
  6741 | D:6      | Reached skill level 11 in Fighting
  7302 | D:5      | Bought a scroll of fear for 45 gold pieces
  7302 | D:5      | Bought a scroll of noise for 13 gold pieces
  7353 | D:7      | Noticed Pikel
  7463 | D:7      | Noticed Menkaure
  7465 | D:7      | Killed Menkaure
  7484 | D:7      | Killed Pikel
  7484 | D:7      | Reached skill level 5 in Dodging
  7669 | D:7      | Found a white marble altar of Elyvilon.
  7933 | D:7      | Found a glowing silver altar of Zin.
  8209 | D:7      | Reached skill level 12 in Fighting
  8209 | D:7      | Reached XP level 10. HP: 92/115 MP: 10/10
  8329 | D:8      | Found an iron altar of Okawaru.
  8360 | D:8      | Found a shadowy altar of Dithmenos.
  8366 | D:8      | Found an opulent altar of Gozag.
  8646 | D:8      | Reached ***** piety under Trog
  8658 | D:8      | Noticed Erica
  8670 | D:8      | Killed Erica
  8670 | D:8      | Reached skill level 13 in Maces & Flails
  8746 | D:8      | Got a faintly glowing robe
  8747 | D:8      | Identified the +2 robe "Ymialaeng" {+Blink Dex+2} (You found it on level 8 of the Dungeon)
  9526 | D:8      | Reached skill level 1 in Evocations
  9665 | D:9      | Found Wecorelu's Antique Armour Shoppe.
  9679 | D:9      | Found a blossoming altar of Fedhas.
  9907 | D:9      | Received a gift from Trog
  9907 | D:9      | Reached skill level 14 in Maces & Flails
 10117 | D:9      | Noticed Ohli's ghost (novice CeHu)
 10126 | D:9      | Killed Ohli's ghost
 10224 | D:9      | Reached XP level 11. HP: 123/123 MP: 13/13
 10238 | D:9      | Found a bloodstained altar of Trog.
 10252 | D:9      | Found Utery's Gadget Boutique.
 10298 | D:9      | Reached skill level 15 in Maces & Flails
 10312 | D:9      | Found Peryal's Armour Shoppe.
 10474 | D:9      | Found Efucaen's Jewellery Boutique.
 10835 | D:10     | Entered Level 10 of the Dungeon
 11033 | D:10     | Noticed a flayed ghost
 11041 | D:10     | HP: 2/123 [griffon (14)]
 11052 | D:10     | Killed a flayed ghost
 11071 | D:10     | Reached skill level 16 in Maces & Flails
 11158 | D:10     | Reached skill level 1 in Armour
 11934 | D:10     | Reached skill level 5 in Evocations
 12171 | D:10     | Noticed a hill giant
 12179 | D:10     | Killed a hill giant
 12292 | D:11     | Noticed a hill giant
 12298 | D:11     | Killed a hill giant
 12354 | D:11     | Received a gift from Trog
 12430 | D:11     | Noticed a hill giant
 12433 | D:11     | Noticed Fannar
 12436 | D:11     | Killed a hill giant
 12451 | D:11     | Killed Fannar
 12453 | D:11     | Reached XP level 12. HP: 133/133 MP: 15/15
 12993 | D:11     | Found Mubifokk's Armour Shoppe.
 13160 | D:11     | Noticed a hill giant
 13172 | D:11     | Killed a hill giant
 13791 | D:11     | Found a staircase to the Lair.
 13868 | Lair:1   | Entered Level 1 of the Lair of Beasts
 14139 | Lair:1   | Found a shimmering altar of Xom.
 14435 | Lair:1   | Reached skill level 17 in Maces & Flails
 14654 | Lair:1   | Got a crystal flail
 14655 | Lair:1   | Identified the +5 flail "Lateef" {venom, rPois MR+} (You found it on level 1 of the Lair of Beasts)
 14735 | Lair:1   | Reached skill level 5 in Armour
 14801 | Lair:1   | Identified a +3 rod of clouds (12/12) (You found it on level 1 of the Lair of Beasts)
 15177 | Lair:2   | Received a gift from Trog
 15683 | Lair:2   | Reached skill level 1 in Throwing
 16106 | Lair:2   | Found a burning altar of Makhleb.
 16560 | Lair:2   | Noticed a seven-headed hydra
 16569 | Lair:2   | Killed a seven-headed hydra
 17763 | Lair:3   | Noticed a seven-headed hydra
 17772 | Lair:3   | Killed a seven-headed hydra
 17772 | Lair:3   | Reached XP level 13. HP: 95/148 MP: 16/16
 18077 | Lair:3   | Found a staircase to the Shoals.
 18451 | Lair:3   | Reached skill level 18 in Maces & Flails
 18493 | Lair:4   | Reached skill level 5 in Throwing
 18513 | Lair:4   | Reached skill level 15 in Fighting
 20277 | Lair:5   | Found a staircase to the Snake Pit.
 20331 | Lair:5   | Reached ****** piety under Trog
 20844 | Lair:5   | Received a gift from Trog
 21664 | Lair:5   | Noticed Rupert
 21678 | Lair:5   | Killed Rupert
 21678 | Lair:5   | Reached skill level 19 in Maces & Flails
 22060 | Lair:6   | Reached XP level 14. HP: 146/162 MP: 17/17
 22821 | Lair:6   | Found a viscous altar of Jiyva.
 22821 | Lair:6   | Found a staircase to the Slime Pits.
 23249 | Lair:7   | Received a gift from Trog
 23271 | Lair:7   | Found a frozen archway.
 23302 | Lair:7   | Noticed Kirke
 23311 | Lair:7   | Killed Kirke
 23352 | IceCv    | Entered an ice cave
 23396 | IceCv    | Received a gift from Trog
 23979 | IceCv    | Got a bloodstained demon blade
 24493 | Lair:7   | Got a translucent amber ring
 24495 | Lair:7   | Identified the ring "Puoriw Hobb" {rF+ rN+++ Str-3 Dex-5} (You found it on level 7 of the Lair of Beasts)
 25055 | Lair:4   | Noticed Nergalle
 25068 | Lair:4   | Killed Nergalle
 25069 | Lair:4   | Received a gift from Trog
 25351 | Lair:8   | Entered Level 8 of the Lair of Beasts
 25472 | Lair:8   | Reached skill level 20 in Maces & Flails
 26277 | Lair:8   | Reached XP level 15. HP: 157/176 MP: 18/18
 26665 | Lair:8   | Found a runed door.
 26800 | Lair:8   | Received a gift from Trog
 27867 | Lair:8   | Received a gift from Trog
 28326 | D:12     | Reached skill level 10 in Dodging
 28396 | D:12     | Noticed Urug
 28404 | D:12     | Killed Urug
 28542 | D:12     | Found a staircase to the Orcish Mines.
 29376 | Lair:2   | Gained mutation: You can translocate small distances at will. [potion of mutation]
 29376 | Lair:2   | Gained mutation: Your spells are a little easier to cast, but a little less powerful. [potion of mutation]
 29376 | Lair:2   | Gained mutation: You are frail (-10% HP). [potion of mutation]
 29469 | Orc:1    | Entered Level 1 of the Orcish Mines
 29727 | Orc:1    | Found a dark tunnel.
 29799 | Volcano  | Entered a volcano
 30120 | Volcano  | Noticed Nessos
 30125 | Volcano  | Killed Nessos
 30135 | Volcano  | Found a radiant altar of Vehumet.
 30251 | Orc:1    | Received a gift from Trog
 30563 | Orc:2    | Found a roughly hewn altar of Beogh.
 30856 | Orc:2    | Found a roughly hewn altar of Beogh.
 31164 | Orc:2    | Found Zil Raa's Distillery.
 31172 | Orc:2    | Bought a potion of might for 60 gold pieces
 31172 | Orc:2    | Bought a potion of flight for 45 gold pieces
 31172 | Orc:2    | Bought a potion of mutation for 37 gold pieces
 31172 | Orc:2    | Gained mutation: You have a pair of small antennae on your head. [potion of mutation]
 31172 | Orc:2    | Gained mutation: You are partially covered in molten scales (AC +1). [potion of mutation]
 31172 | Orc:2    | Lost mutation: You are partially covered in molten scales (AC +1). [potion of mutation]
 31467 | Orc:3    | Received a gift from Trog
 31625 | Orc:3    | Found a staircase to the Elven Halls.
 31685 | Orc:3    | Received a gift from Trog
 32426 | Orc:4    | Entered Level 4 of the Orcish Mines
 32494 | Orc:4    | Reached skill level 21 in Maces & Flails
 32527 | Orc:4    | Found Istuupoxono's Antique Armour Shop.
 32537 | Orc:4    | Found Vumaasch's Book Shoppe.
 32978 | Orc:4    | Found Faif's Antique Weapon Shoppe.
 32988 | Orc:4    | Received a gift from Trog
 33265 | Orc:4    | Found a roughly hewn altar of Beogh.
 33389 | Orc:4    | Found Diose's General Store.
 33472 | Orc:4    | Bought a scroll of identify for 32 gold pieces
 33843 | D:9      | Bought the ring of Shaolin {EV+8} for 1792 gold pieces
 34370 | D:13     | Noticed a sphinx
 34379 | D:13     | Killed a sphinx
 34379 | D:13     | Reached XP level 16. HP: 55/170 MP: 19/19
 34382 | D:13     | Noticed a fire giant
 34394 | D:13     | Killed a fire giant
 34955 | D:13     | Gained mutation: You possess an exceptional clarity of mind. [mutagenic meat]
 34956 | D:13     | Gained mutation: You can spit weak poison. [mutagenic meat]
 35001 | D:13     | Received a gift from Trog
 35267 | D:13     | Found a gate to the Vaults.
 35517 | D:13     | Got an ebony morningstar
 36294 | D:13     | Noticed Erolcha
 36300 | D:13     | Killed Erolcha
 37614 | D:15     | Entered Level 15 of the Dungeon
 37730 | D:15     | Found a staircase to the Depths.
 37816 | D:15     | Noticed Roxanne
 37838 | D:15     | Killed Roxanne
 37840 | D:15     | Identified Roxanne's Collected Works on Shape Shifting (You took it off Roxanne on level 15 of the Dungeon)
 37897 | D:15     | Identified the +7 morningstar of Paraxod {flame, *Confuse Int-4 Dex+2 Stlth+} (You found it on level 13 of the Dungeon)
 37949 | D:15     | Received a gift from Trog
 38166 | D:15     | Found an ancient bone altar of Kikubaaqudgha.
 38914 | D:15     | Gained mutation: You expend magic power (3 MP) to strengthen your wands. [mutagenic meat]
 38918 | D:15     | Gained mutation: You can spit poison. [mutagenic meat]
 38919 | D:15     | Lost mutation: You are frail (-10% HP). [mutagenic meat]
 38923 | D:15     | Gained mutation: You occasionally shout uncontrollably at your foes. [mutagenic meat]
 39680 | Snake:1  | Entered Level 1 of the Snake Pit
 39891 | Snake:1  | Found Oferenew's Armour Emporium.
 39899 | Snake:1  | Bought the +0 cloak of Trog {rF+ Str+3 Dex+2} for 377 gold pieces
 39933 | Snake:1  | Reached XP level 17. HP: 142/204 MP: 20/20
 40219 | Snake:1  | Identified 2 scrolls of acquirement
 40694 | Snake:1  | Received a gift from Trog
 41001 | Snake:1  | Noticed Aizul
 41010 | Snake:1  | Killed Aizul
 41043 | Snake:1  | Gained mutation: You are dopey. (Int -2) [mutagenic meat]
 41044 | Snake:1  | Lost mutation: You can spit poison. [mutagenic meat]
 41045 | Snake:1  | Gained mutation: You have large cloven feet. [mutagenic meat]
 41046 | Snake:1  | Gained mutation: You have hoof-like feet. [mutagenic meat]
 42373 | Snake:2  | Received a gift from Trog
 44351 | Snake:3  | Reached skill level 10 in Armour
 44532 | Snake:3  | Received a gift from Trog
 44693 | Snake:3  | Reached XP level 18. HP: 47/215 MP: 7/21
 45480 | Snake:4  | Entered Level 4 of the Snake Pit
 46035 | Snake:4  | Noticed Vashnia
 46051 | Snake:4  | Killed Vashnia
 46369 | Snake:4  | Received a gift from Trog
 46373 | Snake:4  | Lost mutation: You possess an exceptional clarity of mind. [mutagenic meat]
 46374 | Snake:4  | Gained mutation: You are partially covered in iridescent scales (AC +4). [mutagenic meat]
 46504 | Snake:4  | Reached skill level 22 in Fighting
 46510 | Snake:4  | Received a gift from Trog
 46511 | Snake:4  | Got a faintly glowing giant spiked club {god gift}
 46825 | Lair:2   | Identified the +5 giant spiked club "Ypseff" {flame, *Drain +Fly Str+4 Int+8} (Trog gifted it to you on level 4 of the Snake Pit)
 46905 | Shoals:1 | Entered Level 1 of the Shoals
 46937 | Shoals:1 | Found Igalel Fyts's Assorted Antiques.
 46940 | Shoals:1 | Bought a wooden wand for 92 gold pieces
 46940 | Shoals:1 | Bought a scroll of identify for 46 gold pieces
 47377 | Shoals:2 | Received a gift from Trog
 48174 | Shoals:2 | Received a gift from Trog
 48569 | Shoals:3 | Noticed Polyphemus
 48587 | Shoals:3 | Found Vaenizepp's Jewellery Boutique.
 49137 | Shoals:3 | Killed Polyphemus
 49189 | Shoals:3 | Bought the cursed ring "Zukkee" {+Inv rElec Str+4 Int-4 Dex-2} for 282 gold pieces
 49261 | Shoals:3 | Reached XP level 19. HP: 219/228 MP: 20/22
 49559 | Shoals:3 | Noticed Ilsuiw
 49816 | Shoals:3 | Noticed Jorgrun
 49826 | Shoals:3 | Killed Jorgrun
 49826 | Shoals:3 | Reached skill level 23 in Fighting
 50316 | Shoals:4 | Entered Level 4 of the Shoals
 50391 | Shoals:4 | Received a gift from Trog
 50546 | Shoals:4 | Got a barnacled rune of Zot
 51004 | Shoals:4 | Noticed Donald
 51017 | Shoals:4 | Killed Donald
 51227 | Shoals:4 | Got a pitted golden ring
 51228 | Shoals:4 | Identified the ring "Ridaosk" {Wiz Int+4} (You found it on level 4 of the Shoals)
 51571 | Shoals:4 | Reached skill level 15 in Dodging
 51823 | Lair:2   | Identified the +7 demon blade "Dejur" {vamp, SInv} (You found it in an ice cave)
 51997 | Snake:3  | Received a gift from Trog
 53331 | Snake:4  | Reached XP level 20. HP: 224/241 MP: 7/23
 53825 | Snake:4  | Lost mutation: Your spells are a little easier to cast, but a little less powerful. [mutagenic meat]
 53828 | Snake:4  | Gained mutation: You have a somewhat thin skeletal structure (Dex +2, Stealth). [mutagenic meat]
 53829 | Snake:4  | Lost mutation: You expend magic power (3 MP) to strengthen your wands. [mutagenic meat]
 53894 | Snake:4  | Got a serpentine rune of Zot
 53941 | Snake:4  | Gained mutation: Your natural rate of healing is unusually fast. [mutagenic meat]
 53942 | Snake:4  | Lost mutation: You are dopey. (Int -2) [mutagenic meat]
 53943 | Snake:4  | Gained mutation: You are frail (-10% HP). [mutagenic meat]
 54411 | Depths:1 | Entered Level 1 of the Depths
 54508 | Depths:1 | Found a gateway to Hell.
 54783 | Depths:1 | Paralysed by a vampire knight for 5 turns
 54798 | Depths:1 | Received a gift from Trog
 55025 | Depths:1 | Found a runed gate.
 55025 | Depths:1 | Found a runed gate.
 55025 | Depths:1 | Found a runed gate.
 55180 | Depths:1 | Received a gift from Trog
 55556 | Depths:1 | Gained mutation: Your magical capacity is low (-10% MP). [mutagenic meat]
 55557 | Depths:1 | Gained mutation: You tend to lose your temper in combat. [mutagenic meat]
 55631 | Depths:1 | Gained mutation: Your magical capacity is very low (-20% MP). [potion of mutation]
 55631 | Depths:1 | Gained mutation: You are agile. (Dex +2) [potion of mutation]
 55632 | Depths:1 | Lost mutation: Your magical capacity is very low (-20% MP). [potion of mutation]
 55698 | Depths:2 | Got a scorched bone ring
 55700 | Depths:2 | Identified the ring of Truth {rC- MP-9 EV+3 Str+2 Dex+10} (You found it on level 2 of the Depths)
 55880 | Depths:2 | Noticed Sojobo
 55903 | Depths:2 | Killed Sojobo
 56120 | Depths:2 | Got a flickering platinum ring
 56124 | Depths:2 | Identified the ring of Pomeyreqi {rF+ SInv} (You found it on level 2 of the Depths)
 56223 | Depths:2 | Found a one-way gate leading to the halls of Pandemonium.
 56350 | Depths:2 | Received a gift from Trog
 56352 | Depths:2 | Reached skill level 10 in Throwing
 56539 | Depths:2 | Reached skill level 24 in Fighting
 56548 | Depths:2 | Reached XP level 21. HP: 156/227 MP: 4/22
 56568 | Depths:2 | Got a flickering pewter ring
 56573 | Depths:2 | Identified the ring "Zimosokk" {Ice rN+ Int-4 Stlth+} (You found it on level 2 of the Depths)
 56603 | Depths:2 | Found Miosk's General Store.
 56913 | Depths:2 | Got a faintly glowing flail
 56917 | Depths:2 | Identified the +5 flail of Vystrul {antimagic, rC+} (You found it on level 2 of the Depths)
 57226 | Depths:2 | Received a gift from Trog
 57275 | Depths:2 | Found a one-way gate to the infinite horrors of the Abyss.
 57388 | Depths:2 | Lost mutation: You can translocate small distances at will. [mutagenic meat]
 57389 | Depths:2 | Lost mutation: You are frail (-10% HP). [mutagenic meat]
 57417 | Depths:2 | Found Paehair's Magic Scroll Emporium.
 57432 | Depths:2 | Bought a scroll of fear for 49 gold pieces
 57432 | Depths:2 | Bought a scroll of fear for 49 gold pieces
 57432 | Depths:2 | Bought a scroll of blinking for 105 gold pieces
 57432 | Depths:2 | Bought a scroll of identify for 28 gold pieces
 57432 | Depths:2 | Bought a scroll of teleportation for 42 gold pieces
 57432 | Depths:2 | Bought a scroll of teleportation for 42 gold pieces
 57432 | Depths:2 | Bought a scroll of identify for 28 gold pieces
 57432 | Depths:2 | Bought a scroll of teleportation for 42 gold pieces
 57432 | Depths:2 | Bought a scroll of enchant armour for 105 gold pieces
 57440 | Depths:2 | Gained mutation: Your mind is acute. (Int +2) [mutagenic meat]
 57558 | Depths:2 | Got a twitching bronze ring
 57592 | Depths:2 | Identified the ring "Wiss" {rElec rC+} (You took it off a yaktaur on level 2 of the Depths)
 58054 | Shoals:3 | Killed Ilsuiw
 58054 | Shoals:3 | Reached skill level 1 in Shields
 58895 | Vaults:1 | Entered Level 1 of the Vaults
 58980 | Vaults:1 | Received a gift from Trog
 58996 | Vaults:1 | Got a translucent great mace {god gift}
 58998 | Vaults:1 | Found Gozag's Assorted Antiques.
 59000 | Vaults:1 | Identified the +9 great mace "Maqi" {flame, rF- rC+ MR+ Dex+4} (Trog gifted it to you on level 1 of the Vaults)
 59034 | Vaults:1 | Found an opulent altar of Gozag.
 59034 | Vaults:1 | Found Gozag's Antique Weapon Emporium.
 59042 | Vaults:1 | Found Gozag's Assorted Antiques.
 59058 | Vaults:1 | Reached skill level 25 in Fighting
 59104 | Vaults:1 | Reached skill level 5 in Shields
 59372 | Vaults:1 | Reached XP level 22. HP: 267/267 MP: 4/23
 59660 | Vaults:1 | Received a gift from Trog
 59830 | Vaults:1 | Received a gift from Trog
 60241 | Vaults:2 | Gained mutation: You are very agile. (Dex +4) [mutagenic meat]
 60242 | Vaults:2 | Lost mutation: You have hoof-like feet. [mutagenic meat]
 60365 | Vaults:2 | Lost mutation: You occasionally shout uncontrollably at your foes. [mutagenic meat]
 60366 | Vaults:2 | Gained mutation: You evolve. [mutagenic meat]
 60368 | Vaults:2 | Gained mutation: Your body sometimes deteriorates upon taking damage. [mutagenic meat]
 60369 | Vaults:2 | Lost mutation: You have a somewhat thin skeletal structure (Dex +2, Stealth). [mutagenic meat]
 60380 | Vaults:2 | You fall through a shaft!
 60442 | Vaults:3 | Lost mutation: You are partially covered in iridescent scales (AC +4). [mutagenic meat]
 60444 | Vaults:3 | Gained mutation: Armour fits poorly on your strangely shaped body. [mutagenic meat]
 60445 | Vaults:3 | Gained mutation: You can translocate small distances at will. [mutagenic meat]
 60446 | Vaults:3 | Lost mutation: Your magical capacity is low (-10% MP). [mutagenic meat]
 60537 | Vaults:3 | Received a gift from Trog
 60630 | Vaults:3 | Noticed Mennas
 60647 | Vaults:3 | Killed Mennas
 60781 | Vaults:3 | Gained mutation: You are partially covered in rough black scales (AC +4, Dex -1). [mutagenic meat]
 60783 | Vaults:3 | Gained mutation: You often lose your temper in combat. [mutagenic meat]
 60816 | Vaults:3 | Reached skill level 10 in Shields
 60837 | Vaults:2 | Received a gift from Trog
 60838 | Vaults:2 | Got a twisted giant spiked club {god gift}
 60840 | Vaults:2 | Identified the +5 giant spiked club of the Volcano {freeze, rF- Str+5} (Trog gifted it to you on level 2 of the Vaults)
 61400 | Vaults:2 | Lost mutation: You often lose your temper in combat. [mutagenic meat]
 61854 | Vaults:3 | Reached skill level 26 in Fighting
 61894 | Vaults:3 | Received a gift from Trog
 61984 | Vaults:3 | Lost mutation: You are partially covered in rough black scales (AC +4, Dex -1). [mutagenic meat]
 61985 | Vaults:3 | Gained mutation: Your magical capacity is low (-10% MP). [mutagenic meat]
 61986 | Vaults:3 | Lost mutation: Your mind is acute. (Int +2) [mutagenic meat]
 61989 | Vaults:3 | Gained mutation: Your body often deteriorates upon taking damage. [mutagenic meat]
 62103 | Vaults:3 | Noticed Frederick
 62109 | Vaults:3 | Killed Frederick
 62151 | Vaults:3 | Found a staircase to the Crypt.
 62200 | Vaults:3 | Received a gift from Trog
 62229 | Vaults:3 | Reached XP level 23. HP: 279/279 MP: 5/24
 62312 | Vaults:3 | Lost mutation: Armour fits poorly on your strangely shaped body. [mutagenic meat]
 62894 | Vaults:4 | Received a gift from Trog
 62952 | Vaults:4 | Lost mutation: Your body often deteriorates upon taking damage. [mutagenic meat]
 62953 | Vaults:4 | Lost mutation: Your magical capacity is low (-10% MP). [mutagenic meat]
 62954 | Vaults:4 | Gained mutation: Your muscles are strong. (Str +2) [mutagenic meat]
 62965 | Vaults:4 | Lost mutation: You evolve. [mutagenic meat]
 62966 | Vaults:4 | Lost mutation: Your body sometimes deteriorates upon taking damage. [mutagenic meat]
 63387 | Vaults:4 | Found Beffaus's Jewellery Boutique.
 63538 | Vaults:4 | Received a gift from Trog
 63744 | Vaults:4 | Received a gift from Trog
 64339 | D:9      | Bought the +4 moon troll leather armour {Spirit, Regen++ MP+5} for 1232 gold pieces
 64503 | Orc:2    | Bought a potion of agility for 60 gold pieces
 64503 | Orc:2    | Bought a potion of agility for 60 gold pieces
 64571 | Elf:1    | Entered Level 1 of the Elven Halls
 64659 | Elf:1    | Got a glittering jade ring
 64663 | Elf:1    | Identified the ring "Fogohym" {rC+ MP+9 Str+4} (You found it on level 1 of the Elven Halls)
 65085 | Elf:1    | Found Ymen's Food Boutique.
 65212 | Elf:1    | Received a gift from Trog
 65319 | Elf:1    | Identified the Grimoire of Evil
 65490 | Elf:2    | Noticed zigs's ghost (adept SpWz)
 65499 | Elf:2    | Killed zigs's ghost
 65696 | Elf:2    | Noticed Saint Roka
 65716 | Elf:2    | Killed Saint Roka
 65824 | Elf:2    | Received a gift from Trog
 65869 | Elf:2    | Lost mutation: You have a pair of small antennae on your head. [potion of mutation]
 65869 | Elf:2    | Gained mutation: Your spells are a little harder to cast, but a little more powerful. [potion of mutation]
 65869 | Elf:2    | Gained mutation: Your body sometimes deteriorates upon taking damage. [potion of mutation]
 65930 | Elf:2    | Found a runed gate.
 65930 | Elf:2    | Found a runed gate.
 65931 | Elf:2    | Found a runed gate.
 66103 | Elf:2    | Gained mutation: You occasionally shout uncontrollably at your foes. [mutagenic meat]
 66348 | Elf:3    | Entered Level 3 of the Elven Halls
 66410 | Elf:3    | Reached XP level 24. HP: 289/289 MP: 10/26
 66661 | Elf:3    | Found Erchy's Antique Armour Shop.
 66717 | Elf:3    | Got a fine hat
 66718 | Elf:3    | Identified the -4 hat "Eroskan" {-Cast +Inv rN++ Int+4} (You acquired it on level 3 of the Elven Halls)
 66963 | Elf:3    | Received a gift from Trog
 67281 | Elf:3    | Received a gift from Trog
 67282 | Elf:3    | Reached skill level 15 in Shields
 67478 | Elf:3    | Got a crude turquoise ring
 67493 | Elf:3    | Identified the ring "Fac Moa" {rF++ rN+ MP+9 Int+2} (You found it on level 3 of the Elven Halls)
 67500 | Elf:3    | Got a smoking ice dragon armour
 67504 | Elf:3    | Identified Umean's Handbook of Dislocation (You found it on level 3 of the Elven Halls)
 67531 | Elf:3    | Got a twisted blowgun
 67533 | Elf:3    | Identified the +5 ice dragon armour "Wiesits" {rF- rC++ Int+3 Slay+3} (You found it on level 3 of the Elven Halls)
 67534 | Elf:3    | Identified the +7 blowgun of Wulecset {speed, rElec Str+3 Stlth+} (You found it on level 3 of the Elven Halls)
 68146 | Elf:3    | Identified Cigotuvi's Reference Book on Darkness (You found it on level 3 of the Elven Halls)
 68272 | Elf:3    | Received a gift from Trog
 68347 | Elf:3    | Identified Enuculaw's Handbook of Helpful Cold
 68638 | Lair:2   | Identified a +5 rod of clouds (9/9) (You found it on level 3 of the Elven Halls)
 68969 | Depths:3 | Received a gift from Trog
 69475 | Depths:3 | Got a steaming mace {crush}
 69859 | Depths:3 | Received a gift from Trog
 69869 | Depths:3 | Noticed Asterion
 69882 | Depths:3 | Killed Asterion
 70165 | Depths:3 | Identified Guehulyve's Grimoire of Earthen Black Arts
 70196 | Depths:3 | Found a gateway to a ziggurat.
 70481 | Depths:4 | Reached XP level 25. HP: 299/299 MP: 5/26
 71143 | Depths:4 | Identified Buurokon's Compendium of Battle Magic and Malediction
 71334 | Depths:4 | Received a gift from Trog
 71576 | Depths:5 | Entered Level 5 of the Depths
 71715 | Depths:5 | Received a gift from Trog
 71974 | Depths:5 | Received a gift from Trog
 72027 | Depths:5 | Gained mutation: You often lose your temper in combat. [mutagenic meat]
 72028 | Depths:5 | Gained mutation: You are partially covered in icy blue scales (AC +1). [mutagenic meat]
 72029 | Depths:5 | Gained mutation: Your spells are harder to cast, but more powerful. [mutagenic meat]
 72032 | Depths:5 | Lost mutation: Your body sometimes deteriorates upon taking damage. [mutagenic meat]
 72033 | Depths:5 | Lost mutation: You are partially covered in icy blue scales (AC +1). [mutagenic meat]
 72039 | Depths:5 | Lost mutation: Your muscles are strong. (Str +2) [mutagenic meat]
 72040 | Depths:5 | Lost mutation: You often lose your temper in combat. [mutagenic meat]
 72139 | Depths:5 | Noticed a juggernaut
 72157 | Depths:5 | Killed a juggernaut
 72931 | Depths:5 | Identified the +1 mace "Fosmeas" {crush, rN+ Dex+2 SInv} (You took it off a spriggan on level 3 of the Depths)
 73176 | Depths:5 | Lost mutation: You are very agile. (Dex +4) [mutagenic meat]
 73178 | Depths:5 | Gained mutation: You are partially covered in thin metallic scales (AC +2). [mutagenic meat]
 73230 | Depths:5 | Lost mutation: You tend to lose your temper in combat. [mutagenic meat]
 73257 | Depths:5 | Received a gift from Trog
 73268 | Depths:5 | Reached XP level 26. HP: 309/309 MP: 5/26
 73384 | Depths:5 | Found a gate to the Realm of Zot.
 74085 | Vaults:5 | Entered Level 5 of the Vaults
 74436 | Vaults:4 | Received a gift from Trog
 74454 | Vaults:5 | Noticed an ancient lich
 74512 | Vaults:5 | Killed an ancient lich
 74917 | Vaults:5 | Received a gift from Trog
 75126 | Vaults:5 | Got a slimy whip {venom}
 75284 | Vaults:5 | Noticed an ancient lich
 75292 | Vaults:5 | Killed an ancient lich
 75385 | Vaults:5 | Reached XP level 27. HP: 318/318 MP: 5/26
 75451 | Vaults:5 | Lost mutation: You are agile. (Dex +2) [mutagenic meat]
 75453 | Vaults:5 | Gained mutation: You are weak. (Str -2) [mutagenic meat]
 75454 | Vaults:5 | Gained mutation: Your mind is acute. (Int +2) [mutagenic meat]
 75542 | Vaults:5 | Received a gift from Trog
 75585 | Vaults:5 | Gained mutation: You are agile. (Dex +2) [mutagenic meat]
 75586 | Vaults:5 | Lost mutation: Your natural rate of healing is unusually fast. [mutagenic meat]
 75587 | Vaults:5 | Gained mutation: Your natural rate of healing is unusually fast. [mutagenic meat]
 75593 | Vaults:5 | Lost mutation: You can spit weak poison. [mutagenic meat]
 75594 | Vaults:5 | Gained mutation: You are partially covered in rugged brown scales (AC +1, +3% HP). [mutagenic meat]
 75667 | Vaults:5 | Identified the +4 whip of Causality {venom, MR- Dex+6 Stlth+} (You took it off a yaktaur captain on level 5 of the Vaults)
 75831 | Vaults:5 | Received a gift from Trog
 75832 | Vaults:5 | Got an ichor-stained flail {god gift}
 76000 | Vaults:5 | Lost mutation: Your spells are harder to cast, but more powerful. [mutagenic meat]
 76096 | Vaults:5 | Identified the Almanac of Sinister Bewitchment (You found it on level 5 of the Vaults)
 76102 | Vaults:5 | Got a steaming bone amulet
 76105 | Vaults:5 | Got a silver rune of Zot
 76118 | Vaults:5 | Identified the amulet "Zethriypi" {Clar rF- Str+4 Slay+5 Stlth+} (You found it on level 5 of the Vaults)
 76540 | Vaults:5 | Received a gift from Trog
 76558 | Vaults:5 | Noticed an ancient lich
 76567 | Vaults:5 | Killed an ancient lich
 76663 | Vaults:5 | Gained mutation: Your magical capacity is low (-10% MP). [mutagenic meat]
 76664 | Vaults:5 | Lost mutation: You are weak. (Str -2) [mutagenic meat]
 76735 | Vaults:5 | Got a crystal longbow
 77191 | Slime:1  | Entered Level 1 of the Pits of Slime
 78092 | Slime:1  | Received a gift from Trog
 78324 | Slime:3  | Noticed P0WERM0DE's ghost (veteran DsFE)
 78494 | Slime:2  | Reached skill level 15 in Armour
 78891 | Slime:3  | Killed P0WERM0DE's ghost
 78962 | Slime:3  | Noticed Eptagon's ghost (master VSEn)
 78991 | Slime:3  | Killed Eptagon's ghost
 79822 | Slime:5  | Received a gift from Trog
 80041 | Slime:6  | Entered Level 6 of the Pits of Slime
 80253 | Slime:6  | Received a gift from Trog
 80358 | Slime:4  | Received a gift from Trog
 80929 | Slime:6  | Noticed the royal jelly
 80961 | Slime:6  | Killed the royal jelly
 81070 | Slime:6  | Identified the Papyrus of the Entourage
 81101 | Slime:6  | Got a transparent golden ring
 81115 | Slime:6  | Identified the ring "Upluddum" {SustAt Int+2} (You found it on level 6 of the Pits of Slime)
 81127 | Slime:6  | Identified the Collected Works on Attacks
 81135 | Slime:6  | Identified Hamebalee's Collected Works on Self-Improvement and Feathers
 81168 | Slime:6  | Got a bloodstained cloak
 81170 | Slime:6  | Got a slimy rune of Zot
 81179 | Slime:6  | Got an ichor-stained hand axe
 81202 | Slime:6  | Identified the +4 cloak of Masochism {rPois Regen+} (You found it on level 6 of the Pits of Slime)
 81624 | Elf:1    | Bought a meat ration for 50 gold pieces
 81624 | Elf:1    | Bought a bread ration for 50 gold pieces
 81624 | Elf:1    | Bought a meat ration for 50 gold pieces
 81624 | Elf:1    | Bought a meat ration for 50 gold pieces
 81624 | Elf:1    | Bought a meat ration for 50 gold pieces
 81624 | Elf:1    | Bought a bread ration for 50 gold pieces
 81624 | Elf:1    | Bought a meat ration for 50 gold pieces
 81624 | Elf:1    | Bought a bread ration for 50 gold pieces
 81624 | Elf:1    | Bought a slice of pizza for 15 gold pieces
 81624 | Elf:1    | Bought a bread ration for 50 gold pieces
 82050 | Depths:2 | Upgraded the game from 0.17-a0-2231-gd80ca38 to 0.18-a0
 82052 | Depths:2 | Voluntarily entered the Abyss.
 82815 | Abyss:2  | Found a corrupted altar of Lugonu.
 82902 | Abyss:2  | Gained mutation: You heal very quickly. [mutagenic meat]
 82904 | Abyss:2  | Gained mutation: You evolve. [mutagenic meat]
 83123 | Abyss:2  | Gained mutation: Armour fits poorly on your strangely shaped body. [a neqoxec]
 83159 | Abyss:2  | Received a gift from Trog
 83172 | Abyss:2  | Lost mutation: You are agile. (Dex +2) [mutagenic meat]
 83305 | Abyss:2  | Gained mutation: You passively map a small area around you. [evolution]
 83350 | Abyss:2  | Lost mutation: Your magical capacity is low (-10% MP). [mutagenic meat]
 83354 | Abyss:2  | Lost mutation: Your mind is acute. (Int +2) [mutagenic meat]
 83355 | Abyss:2  | Gained mutation: You are partially covered in icy blue scales (AC +1). [mutagenic meat]
 83356 | Abyss:2  | Gained mutation: Your magical capacity is low (-10% MP). [mutagenic meat]
 83362 | Abyss:2  | Lost mutation: Your magical capacity is low (-10% MP). [mutagenic meat]
 83455 | Abyss:2  | Lost mutation: Armour fits poorly on your strangely shaped body. [mutagenic meat]
 83558 | Abyss:4  | Identified a +7 rod of ignition (10/10) (You took it off a deep elf conjurer on level 5 of the Vaults)
 83570 | Abyss:4  | Found a burning altar of Makhleb.
 83598 | Abyss:4  | Identified a +4 rod of shadows (10/10) (You found it on level 5 of the Vaults)
 83599 | Abyss:4  | Identified a +4 rod of the swarm (11/11) (You found it on level 4 of the Abyss)
 83600 | Abyss:4  | Identified a +1 rod of ignition (14/14) (You took it off a frost giant on level 4 of the Depths)
 84011 | Abyss:4  | Paralysed by accursed screaming for 1 turns
 84309 | Abyss:4  | Got an abyssal rune of Zot
 84479 | Abyss:4  | Reached skill level 15 in Throwing
 84524 | Abyss:4  | Received a gift from Trog
 84649 | Abyss:4  | Received a gift from Trog
 84689 | Abyss:4  | Found a corrupted altar of Lugonu.
 84709 | Depths:2 | Escaped the Abyss
 85285 | Pan      | Entered Pandemonium
 85302 | Pan      | Noticed Jadd the pandemonium lord
 86078 | Pan      | Found a glowing golden altar of the Shining One.
 86106 | Pan      | Noticed a seraph
 86123 | Pan      | Killed a seraph
 86157 | Pan      | Got a shimmering copper ring
 86170 | Pan      | Got a demonic rune of Zot
 86172 | Pan      | Identified the Compendium of Noxious Lightness
 86177 | Pan      | Identified Jimuiwk's Incunabulum of the Birds and Attacks
 86196 | Pan      | Got an ancient ruby amulet
 86449 | Pan      | Got a dazzling large shield
 86462 | Pan      | Identified the +7 large shield "Ryefuw Reil" {*Contam rElec Str+4 Int+7} (You took it off a daeva in Pandemonium)
 86466 | Pan      | Found a glowing silver altar of Zin.
 86542 | Pan      | Got a faintly humming large shield
 86746 | Pan      | Received a gift from Trog
 87100 | Pan      | Identified the amulet "Puesiof" {Stasis MP+9 Dex+2} (You found it in Pandemonium)
 87103 | Pan      | Gained mutation: Your body sometimes deteriorates upon taking damage. [a neqoxec]
 87294 | Pan      | Received a gift from Trog
 87334 | Pan      | Found an exit through the horrors of the Abyss.
 87446 | Pan      | Gained mutation: Your magical capacity is low (-10% MP). [a neqoxec]
 87492 | Pan      | Found an exit through the horrors of the Abyss.
 87701 | Pan      | Found a huge runed gate.
 87739 | Pan      | Noticed Noobil the pandemonium lord
 87747 | Pan      | Gained mutation: You are dopey. (Int -2) [a neqoxec]
 87870 | Pan      | Received a gift from Trog
 87982 | Pan      | Noticed Cofoobb the pandemonium lord
 87993 | Pan      | Killed Cofoobb the pandemonium lord
 88000 | Pan      | Received a gift from Trog
 88023 | Depths:2 | Escaped Pandemonium
 88282 | Lair:1   | Identified the ring "Iduxu" {MP+9 Dex+2} (You took it off a seraph in Pandemonium)
 88592 | Pan      | Entered Pandemonium
 88832 | Pan      | Noticed Nifyd the pandemonium lord
 88832 | Pan      | Gained mutation: Your magical capacity is very low (-20% MP). [a neqoxec]
 88842 | Pan      | Killed Nifyd the pandemonium lord
 88866 | Pan      | Noticed Roweutumy the pandemonium lord
 88889 | Pan      | Killed Roweutumy the pandemonium lord
 88890 | Pan      | Found an exit through the horrors of the Abyss.
 89155 | Pan      | Gained mutation: Armour fits poorly on your strangely shaped body. [a neqoxec]
 89190 | Pan      | Received a gift from Trog
 89220 | Pan      | Noticed Ema Poha the pandemonium lord
 89239 | Pan      | Killed Ema Poha the pandemonium lord
 89526 | Pan      | Noticed Vebligim the pandemonium lord
 89552 | Pan      | Killed Vebligim the pandemonium lord
 89578 | Pan      | Identified the +6 large shield of Guacs {+Inv rF+ rC+} (You took it off a daeva in Pandemonium)
 89612 | Pan      | Gained mutation: You tend to lose your temper in combat. [a cacodemon]
 89620 | Pan      | Gained mutation: You are clumsy. (Dex -2) [a cacodemon]
 89828 | Pan      | Received a gift from Trog
 90136 | Pan      | Entered the realm of Lom Lobon.
 90136 | Pan      | Noticed Lom Lobon
 90145 | Pan      | Got a magical rune of Zot
 90167 | Pan      | Killed Lom Lobon
 90401 | Pan      | Found an exit through the horrors of the Abyss.
 90411 | Pan      | Gained mutation: Your body often deteriorates upon taking damage. [a cacodemon]
 90514 | Pan      | Entered the realm of Mnoleg.
 90668 | Pan      | Lost mutation: Armour fits poorly on your strangely shaped body. [mutagenic meat]
 90682 | Pan      | Gained mutation: Armour fits poorly on your strangely shaped body. [a neqoxec]
 90841 | Pan      | Received a gift from Trog
 90852 | Pan      | Noticed Mnoleg
 90900 | Pan      | Killed Mnoleg
 90934 | Pan      | Lost mutation: Your spells are a little harder to cast, but a little more powerful. [mutagenic meat]
 90938 | Pan      | Lost mutation: You evolve. [mutagenic meat]
 90943 | Pan      | Lost mutation: Armour fits poorly on your strangely shaped body. [mutagenic meat]
 90948 | Pan      | Lost mutation: You heal very quickly. [mutagenic meat]
 90949 | Pan      | Lost mutation: Your body often deteriorates upon taking damage. [mutagenic meat]
 90981 | Pan      | Lost mutation: You passively map a small area around you. [mutagenic meat]
 90983 | Pan      | Lost mutation: Your body sometimes deteriorates upon taking damage. [mutagenic meat]
 90985 | Pan      | Lost mutation: Your natural rate of healing is unusually fast. [mutagenic meat]
 91002 | Pan      | Got a glowing rune of Zot
 91025 | Pan      | Gained mutation: You are weak. (Str -2) [a neqoxec]
 91145 | Pan      | Lost intelligence.
 91145 | Pan      | Gained mutation: You are very dopey. (Int -4) [a neqoxec]
 91150 | Pan      | Gained mutation: Your body sometimes deteriorates upon taking damage. [a neqoxec]
 91154 | Pan      | Lost mutation: You tend to lose your temper in combat. [potion of cure mutation]
 91154 | Pan      | Lost mutation: You are clumsy. (Dex -2) [potion of cure mutation]
 91154 | Pan      | Lost mutation: Your magical capacity is very low (-20% MP). [potion of cure mutation]
 91154 | Pan      | Lost mutation: You are very dopey. (Int -4) [potion of cure mutation]
 91154 | Pan      | Lost mutation: You are weak. (Str -2) [potion of cure mutation]
 91154 | Pan      | Lost mutation: You are partially covered in icy blue scales (AC +1). [potion of cure mutation]
 91155 | Pan      | Lost mutation: You can translocate small distances at will. [potion of cure mutation]
 91155 | Pan      | Lost mutation: Your body sometimes deteriorates upon taking damage. [potion of cure mutation]
 91155 | Pan      | Lost mutation: You have large cloven feet. [potion of cure mutation]
 91155 | Pan      | Lost mutation: You occasionally shout uncontrollably at your foes. [potion of cure mutation]
 91155 | Pan      | Lost mutation: You are dopey. (Int -2) [potion of cure mutation]
 91269 | Pan      | Found an exit through the horrors of the Abyss.
 91327 | Pan      | Got a polished giant spiked club
 91331 | Pan      | Identified the +7 giant spiked club "Oschiukho" {antimagic, Str+3} (You found it in Pandemonium)
 91436 | Pan      | Noticed Jenyogh the pandemonium lord
 91458 | Pan      | Killed Jenyogh the pandemonium lord
 91472 | Pan      | Received a gift from Trog
 91480 | Pan      | Got a glittering bone ring
 91618 | Pan      | Received a gift from Trog
 91798 | Pan      | Noticed Myshir the pandemonium lord
 91810 | Pan      | Killed Myshir the pandemonium lord
 91832 | Pan      | Found an exit through the horrors of the Abyss.
 91950 | Pan      | Found a gateway to a ziggurat.
 91981 | Zig:1    | Entered Level 1 of a ziggurat
 92012 | Zig:2    | Entered Level 2 of a ziggurat
 92056 | Zig:3    | Entered Level 3 of a ziggurat
 92103 | Zig:3    | Identified the ring "Emaim" {*Confuse MR++ Int+2 Dex+3 Stlth+} (You took it off a corrupter in Pandemonium)
 92112 | Zig:4    | Entered Level 4 of a ziggurat
 92175 | Zig:5    | Entered Level 5 of a ziggurat
 92181 | Zig:5    | Noticed an ancient lich
 92195 | Zig:5    | Killed an ancient lich
 92223 | Zig:5    | Received a gift from Trog
 92233 | Zig:6    | Entered Level 6 of a ziggurat
 92301 | Zig:6    | Got a faintly glowing bone amulet
 92303 | Zig:6    | Identified the amulet of Yendor {rPois Regen+ Int+2} (You found it on level 6 of a ziggurat)
 92310 | Zig:6    | Got a jewelled cloak
 92332 | Zig:6    | Identified the +0 cloak of the Gloaming {rC+ Dex+2} (You found it on level 6 of a ziggurat)
 92401 | Zig:7    | Entered Level 7 of a ziggurat
 92665 | Zig:8    | Entered Level 8 of a ziggurat
 92777 | Zig:8    | Got a scintillating golden ring
 92779 | Zig:8    | Received a gift from Trog
 92784 | Zig:8    | Identified the ring "Weog" {SustAt MP+9 Dex+4} (You found it on level 8 of a ziggurat)
 92799 | Zig:9    | Entered Level 9 of a ziggurat
 92836 | Zig:9    | Received a gift from Trog
 92906 | Zig:10   | Entered Level 10 of a ziggurat
 92914 | Zig:10   | Lost mutation: Your magical capacity is low (-10% MP). [helix card]
 92914 | Zig:10   | Gained mutation: You can breathe flames. [helix card]
 92998 | Zig:10   | Identified the Disquisition on Sinister Protection
 93001 | Zig:10   | Got a transparent turquoise ring
 93016 | Zig:10   | Identified the ring of Tig Asm {-Tele rF+ rC++ Str+3 Stlth+} (You found it on level 10 of a ziggurat)
 93048 | Zig:11   | Entered Level 11 of a ziggurat
 93286 | Zig:12   | Entered Level 12 of a ziggurat
 93295 | Zig:12   | Noticed twist's ghost (legendary MiBe)
 93301 | Zig:12   | Noticed Avibbuka the pandemonium lord
 93316 | Zig:12   | Received a gift from Trog
 93383 | Zig:12   | Killed Avibbuka the pandemonium lord
 93409 | Zig:12   | Killed twist's ghost
 93442 | Zig:12   | Got a smoking brass ring
 93476 | Zig:12   | Identified the ring of the Lonely Beds {rC+ MR+} (You found it on level 12 of a ziggurat)
 93653 | Zig:13   | Entered Level 13 of a ziggurat
 93858 | Zig:14   | Entered Level 14 of a ziggurat
 93869 | Zig:14   | Noticed Naug the pandemonium lord
 93869 | Zig:14   | Noticed Nofisaf the pandemonium lord
 93875 | Zig:14   | Noticed Sedghosa the pandemonium lord
 93903 | Zig:14   | Killed Sedghosa the pandemonium lord
 93912 | Zig:14   | Killed Nofisaf the pandemonium lord
 93912 | Zig:14   | Killed Naug the pandemonium lord
 93933 | Zig:14   | Received a gift from Trog
 93973 | Zig:14   | Got a brightly glowing tin ring
 93995 | Zig:14   | Identified the ring "Pyavac Poan" {Str+3 Int+4 Slay+3 SInv} (You found it on level 14 of a ziggurat)
 94092 | Zig:15   | Entered Level 15 of a ziggurat
 94103 | Zig:15   | Noticed Jyreom the pandemonium lord
 94108 | Zig:15   | Noticed Jadalu the pandemonium lord
 94109 | Zig:15   | Noticed Diuc the pandemonium lord
 94170 | Zig:15   | Killed Jyreom the pandemonium lord
 94202 | Zig:15   | Killed Jadalu the pandemonium lord
 94266 | Zig:15   | Killed Diuc the pandemonium lord
 94600 | Pan      | Received a gift from Trog
 94619 | Pan      | Noticed Marow the pandemonium lord
 94638 | Pan      | Killed Marow the pandemonium lord
 94920 | Pan      | Noticed Xaehoduk the pandemonium lord
 94949 | Pan      | Killed Xaehoduk the pandemonium lord
 95072 | Pan      | Found an exit through the horrors of the Abyss.
 95109 | Pan      | Got a jewelled shield
 95276 | Pan      | Identified the +0 shield "Ylas" {Str+6} (You found it in Pandemonium)
 95325 | Pan      | Found an exit through the horrors of the Abyss.
 95454 | Pan      | Found an exit through the horrors of the Abyss.
 95494 | Pan      | Received a gift from Trog
 95728 | Pan      | Received a gift from Trog
 95807 | Depths:2 | Escaped Pandemonium
 96035 | Lair:2   | Upgraded the game from 0.18-a0 to 0.18-a0-2-g0e512fa
 96267 | Pan      | Entered Pandemonium
 96294 | Pan      | Noticed Jaizer Fust the pandemonium lord
 96296 | Pan      | Found an exit through the horrors of the Abyss.
 96599 | Pan      | Received a gift from Trog
 96731 | Pan      | Killed Jaizer Fust the pandemonium lord
 97241 | Pan      | Noticed Corel the pandemonium lord
 97251 | Pan      | Killed Corel the pandemonium lord
 97447 | Pan      | Gained mutation: Armour fits poorly on your strangely shaped body. [a cacodemon]
 97539 | Pan      | Noticed Imyguzuyx the pandemonium lord
 97566 | Pan      | Received a gift from Trog
 97634 | Pan      | Entered the realm of Gloorx Vloq.
 97735 | Pan      | Noticed Gloorx Vloq
 98061 | Pan      | Killed Gloorx Vloq
 98218 | Pan      | Got a dark rune of Zot
 98506 | Pan      | Found an exit through the horrors of the Abyss.
 98712 | Pan      | Entered the realm of Cerebov.
 98865 | Pan      | Got a scintillating silver ring
 98867 | Pan      | Identified the ring of Orhodgh {+Blink rElec rC+ Str-2 Int+4} (You found it in Pandemonium)
 98892 | Pan      | Got a heavily jewelled robe
 98894 | Pan      | Identified the +0 robe of Midsummer {+Fly Str+4 Dex+4} (You took it off an efreet in Pandemonium)
 98923 | Pan      | Got a blackened mace
 98940 | Pan      | Got a wavering steel amulet
 98981 | Pan      | Identified the amulet of Dirulepp {rCorr rC+} (You found it in Pandemonium)
 99017 | Pan      | Noticed Cerebov
 99048 | Pan      | Killed Cerebov
 99061 | Pan      | Got a fiery rune of Zot
 99128 | Pan      | Found an exit through the horrors of the Abyss.
 99144 | Pan      | Received a gift from Trog
 99457 | Pan      | Found an exit through the horrors of the Abyss.
 99587 | Pan      | Found a huge runed gate.
 99596 | Pan      | Noticed Docoxamm the pandemonium lord
 99622 | Pan      | Killed Docoxamm the pandemonium lord
 99966 | Pan      | Noticed Kuny the pandemonium lord
 99982 | Pan      | Killed Kuny the pandemonium lord
100023 | Pan      | Received a gift from Trog
100151 | Pan      | Gained mutation: You are dopey. (Int -2) [a neqoxec]
100612 | Pan      | Received a gift from Trog
100808 | Pan      | Noticed Wocus the pandemonium lord
100811 | Pan      | Killed Wocus the pandemonium lord
101161 | Pan      | Noticed Lonit the pandemonium lord
101170 | Pan      | Killed Lonit the pandemonium lord
101447 | Pan      | Noticed Vifuty the pandemonium lord
101458 | Pan      | Killed Vifuty the pandemonium lord
101571 | Depths:2 | Escaped Pandemonium
102003 | Hell     | Entered the Vestibule of Hell
102003 | Hell     | Noticed Geryon
102025 | Hell     | Received a gift from Trog
102049 | Hell     | Received a gift from Trog
102181 | Hell     | Found a gateway to the Iron City of Dis.
102242 | Hell     | Killed Geryon
102461 | Hell     | Found a gateway to the ashen valley of Gehenna.
102498 | Hell     | Received a gift from Trog
102510 | Hell     | Found a gateway to the decaying netherworld of Tartarus.
102593 | Hell     | Found a gateway to the freezing wastes of Cocytus.
102651 | Dis:1    | Entered Level 1 of the Iron City of Dis
103116 | Dis:4    | Received a gift from Trog
103619 | Dis:4    | Received a gift from Trog
104210 | Dis:7    | Entered Level 7 of the Iron City of Dis
105195 | Dis:7    | Received a gift from Trog
105380 | Dis:7    | Received a gift from Trog
105528 | Dis:7    | Noticed the Serpent of Hell
105542 | Dis:7    | Received a gift from Trog
105587 | Dis:7    | Killed the Serpent of Hell
105952 | Dis:7    | Noticed Dispater
105993 | Dis:7    | Killed Dispater
106053 | Dis:7    | Got an iron rune of Zot
106076 | Dis:7    | Received a gift from Trog
106322 | Coc:1    | Entered Level 1 of Cocytus
106652 | Coc:1    | Lost mutation: You are partially covered in rugged brown scales (AC +1, +3% HP). [mutagenic glow]
106711 | Coc:1    | Gained mutation: Scrolls take you a little longer to read. [mutagenic glow]
106914 | Coc:2    | Gained mutation: You regenerate slowly when monsters are visible. [mutagenic glow]
106947 | Coc:2    | Gained mutation: Scrolls take you longer to read. [mutagenic glow]
107310 | Coc:3    | Reached skill level 27 in Dodging
107492 | Coc:5    | Received a gift from Trog
107921 | Coc:6    | Received a gift from Trog
108087 | Coc:7    | Entered Level 7 of Cocytus
108087 | Coc:7    | Noticed Antaeus
108909 | Coc:7    | Killed Antaeus
108948 | Coc:7    | Got an icy rune of Zot
109026 | Coc:7    | Received a gift from Trog
109314 | Geh:1    | Entered Level 1 of Gehenna
109354 | Geh:1    | Reached skill level 27 in Fighting
109370 | Geh:1    | Reached skill level 27 in Maces & Flails
109378 | Geh:1    | Received a gift from Trog
109594 | Geh:3    | Received a gift from Trog
109848 | Geh:4    | You fall through a shaft for 2 floors!
110131 | Geh:7    | Entered Level 7 of Gehenna
110574 | Geh:7    | Received a gift from Trog
110618 | Geh:7    | Reached skill level 27 in Shields
110642 | Geh:7    | Noticed Asmodeus
110666 | Geh:7    | Killed Asmodeus
110699 | Geh:7    | Got a flickering ivory ring
110793 | Geh:7    | Got a slimy copper amulet
110800 | Geh:7    | Got a scintillating brass ring
110823 | Geh:7    | Got an obsidian rune of Zot
111018 | Tar:1    | Entered Level 1 of Tartarus
112165 | Tar:5    | Reached skill level 27 in Armour
112189 | Tar:7    | Entered Level 7 of Tartarus
112269 | Tar:7    | Received a gift from Trog
112758 | Tar:7    | Noticed Ereshkigal
112781 | Tar:7    | Killed Ereshkigal
112828 | Tar:7    | Got a bone rune of Zot
113395 | Crypt:1  | Entered Level 1 of the Crypt
113960 | Crypt:3  | Entered Level 3 of the Crypt
113989 | Crypt:2  | Noticed Boris
114008 | Crypt:2  | Killed Boris
114379 | Crypt:3  | Found a basalt altar of Yredelemnul.
114379 | Crypt:3  | Noticed an ancient lich
114389 | Crypt:3  | Killed an ancient lich
114489 | Crypt:3  | Gained mutation: You occasionally shout uncontrollably at your foes. [potion of mutation]
114489 | Crypt:3  | Lost mutation: You occasionally shout uncontrollably at your foes. [potion of mutation]
114527 | Crypt:3  | Received a gift from Trog
114746 | Crypt:3  | Found a staircase to the Tomb.
114772 | Tomb:1   | Entered Level 1 of the Tomb of the Ancients
114924 | Tomb:1   | Received a gift from Trog
115264 | Tomb:1   | Identified the ring "Ojourain" {SustAt rF+} (You found it on level 7 of Gehenna)
115266 | Tomb:1   | Identified the amulet of Tulips {rMut rElec rN+} (You found it on level 7 of Gehenna)
115269 | Tomb:1   | Identified the ring "Cadda" {rC+ Dex+5} (You found it on level 7 of Gehenna)
115284 | Tomb:1   | Noticed Alamar's ghost (legendary DsSk)
115313 | Tomb:1   | Killed Alamar's ghost
116165 | Tomb:2   | Received a gift from Trog
116517 | Tomb:1   | Lost mutation: You regenerate slowly when monsters are visible. [potion of cure mutation]
116517 | Tomb:1   | Lost mutation: You are dopey. (Int -2) [potion of cure mutation]
116517 | Tomb:1   | Lost mutation: Armour fits poorly on your strangely shaped body. [potion of cure mutation]
116517 | Tomb:1   | Lost mutation: Scrolls take you longer to read. [potion of cure mutation]
116517 | Tomb:1   | Lost mutation: You can breathe flames. [potion of cure mutation]
116517 | Tomb:1   | Lost mutation: Scrolls take you a little longer to read. [potion of cure mutation]
118601 | Tomb:3   | Entered Level 3 of the Tomb of the Ancients
120969 | Tomb:3   | Got a warped wooden ring
120970 | Tomb:3   | Received a gift from Trog
120977 | Tomb:3   | Got a heavily runed golden amulet
121032 | Tomb:3   | Identified the ring "Jigais" {rElec rPois Str+2 Int-2 Slay+2} (You found it on level 3 of the Tomb of the Ancients)
121034 | Tomb:3   | Identified the amulet "Sucrad Dorph" {rCorr rPois rF++ Int-2} (You found it on level 3 of the Tomb of the Ancients)
121149 | Tomb:3   | Got a translucent garnet amulet
121297 | Tomb:3   | Identified the amulet of Rireledi {rCorr *Drain rN+ Int+2} (You found it on level 3 of the Tomb of the Ancients)
121333 | Tomb:3   | Noticed Khufu
121337 | Tomb:3   | Killed Khufu
121418 | Tomb:3   | Got a golden rune of Zot
122086 | Zot:1    | Entered Level 1 of the Realm of Zot
122194 | Zot:1    | Received a gift from Trog
122355 | Zot:1    | Reached skill level 27 in Throwing
122650 | Zot:2    | Noticed an ancient lich
122922 | Zot:2    | Killed an ancient lich
122967 | Zot:2    | Received a gift from Trog
123018 | Zot:2    | Noticed ZlagarX's ghost (legendary DsMo)
123054 | Zot:2    | Killed ZlagarX's ghost
123054 | Zot:2    | Reached skill level 10 in Evocations
123199 | Zot:3    | Received a gift from Trog
123292 | Zot:5    | Entered Level 5 of the Realm of Zot
123424 | Zot:5    | Noticed an ancient lich
123428 | Zot:5    | Killed an ancient lich
123462 | Zot:5    | Noticed an ancient lich
123472 | Zot:5    | Killed an ancient lich
123520 | Zot:5    | Noticed an orb of fire
123523 | Zot:5    | Noticed an ancient lich
123525 | Zot:5    | Killed an orb of fire
123530 | Zot:5    | Killed an ancient lich
123570 | Zot:5    | Got a brightly glowing quicksilver dragon armour
123571 | Zot:5    | Identified the quicksilver dragon armour of the Lair of Beasts {MR+ Dex+2} (You acquired it on level 5 of the Realm of Zot)
123667 | Zot:5    | Noticed an ancient lich
123671 | Zot:5    | Killed an ancient lich
123671 | Zot:5    | Reached skill level 15 in Evocations
123682 | Zot:5    | Noticed an ancient lich
123683 | Zot:5    | Killed an ancient lich
123714 | Zot:5    | Got the Orb of Zot
123733 | Zot:5    | Noticed an ancient lich
123780 | Zot:4    | Received a gift from Trog
124100 | Depths:1 | Noticed Keapheap the pandemonium lord
124161 | D:13     | Noticed Ufemud the pandemonium lord
124165 | D:13     | Killed Ufemud the pandemonium lord
124520 | D:2      | Noticed Zymeol the pandemonium lord
124529 | D:2      | Killed Zymeol the pandemonium lord
124549 | D:$      | Escaped with the Orb!

Vault maps used:
D:1:      onia_arrival_pyramid
D:3:      marbit_many_paths, hangedman_feature_mirror
D:4:      serial_curves, eino_curves_04, eino_curves_01, first_bread
D:5:      forest_paths, serial_shops, shop
D:6:      minmay_temple_entry_glassed_door, kennysheep_generic_room_4,
          uniq_prince_ribbit1, uniq_duvessa, uniq_crazy_yiuf_cottage
D:7:      zin_statuary, elyvilon_altar_4, uniq_menkaure, uniq_pikel
D:8:      grunt_temple_overflow_open, uniq_erica
D:9:      bloody_trog, basic_altar, serial_shops, shop_statue,
          nicolae_shop_statue_plus, shop, shop_fountains
D:10:     hangedman_cross_veins, hangedman_tell_no_tales
D:11:     grunt_lair_entry_elf_guard_hut, serial_shops, shop,
          minmay_misc_feat_tiny, uniq_fannar
D:12:     david_orc_2, lightli_fourway_metalbox, uniq_urug
D:13:     minmay_outward_triangles, hangedman_vaults_entry_quadrant_bands,
          uniq_erolcha
D:14:     special_room, grunt_ministairs_12, minmay_item_behind_shaft
D:15:     hangedman_depths_entry_try_elsewhere_first, minmay_strange_pillars,
          lemuel_mausoleum_altar_kikubaaqudgha, uniq_roxanne
Temple:   circular_temple_12
Lair:1:   minmay_lair_oklob_chamber, basic_altar, beast_lair_carwin_9,
          lemuel_fruit_fields, lemuel_fruit_fields
Lair:2:   basic_altar, grunt_forest_large_clearing_hut
Lair:3:   minmay_shoals_entry_centaurs
Lair:4:   disabler_island, uniq_nergalle
Lair:5:   dummy_snake_entry, bh_autumn_forest_stairs, uniq_rupert
Lair:6:   dpeg_slime_entry_enclosed_altar, grunt_megastairs_2
Lair:7:   portal_ice_cave_entry_ice_beasts, serial_bayou_crossing,
          infiniplex_staircase_pool_2, uniq_kirke
Lair:8:   hangedman_lair_in_review, wormcave, serial_bayou_shore_b
Shoals:1: serial_shops, nicolae_shop_behind_doors, nicolae_shoals_undead_eyrie
Shoals:2: nicolae_shoals_aquamancer_cove
Shoals:3: serial_shops, shop, uniq_polyphemus, uniq_ilsuiw, uniq_jorgrun
Shoals:4: shoals_end_hangedman, shoals_ilsuiw_alternative,
          nicolae_shoals_square_sea_wall, uniq_donald
Snake:1:  serial_shops, shop_statue, serial_bayou_shore_a, uniq_aizul
Snake:4:  johnstein_snake_rune_scales, uniq_vashnia
Slime:2:  nicolae_slime_welcoming_committee
Slime:3:  cheibrodos_slime_lost_civilization_1
Slime:5:  nicolae_slime_ancient_tower_intersection
Orc:1:    nicolae_volcano_entry_vermiform
Orc:2:    nicolae_orc_accident_2, basic_altar, serial_shops, shop
Orc:3:    nicolae_orc_pool_cavern
Orc:4:    grunt_orc_gardens, grunt_orc_garden, grunt_orc_garden,
          grunt_orc_garden, grunt_orc_garden, basic_altar
Elf:1:    serial_shops, nicolae_shop_behind_doors, minmay_elf_necromancy,
          due_unseen_surprise
Elf:2:    uniq_saint_roka
Elf:3:    minmay_elf_hall_dome, serial_shops, shop
Vaults:1: grunt_vaults_funnel, ontoclasm_vaults_chip, vaults_room_large_hall,
          kennysheep_vaults_gozag_temple, hangedman_vaults_impose,
          ontoclasm_vaults_fault, vaults_room_octagon, ontoclasm_vaults_eye,
          nicolae_vaults_alarming, ontoclasm_vaults_hangar,
          hangedman_vaults_trim, hangedman_vaults_slice
Vaults:2: nicolae_vaults_rhombus_7, nicolae_vaults_display_case,
          ontoclasm_vaults_claustrophobia, vaults_mumra_hex,
          grunt_vaults_hallway_long, ontoclasm_vaults_ring_small,
          vaults_dpeg_ring, nicolae_vaults_mini_display_case, v_misc_25,
          nicolae_vaults_little_squares_3, nicolae_vaults_theta,
          ontoclasm_vaults_idyll, nicolae_vaults_puzzle_piece
Vaults:3: hangedman_vaults_corner_blocks, vaults_room_pool,
          nicolae_vaults_ninety_degrees, nicolae_vaults_twisting_passages,
          minmay_crypt_entry_simple_corners, v_misc_27,
          nicolae_vaults_circle_grid_a, nicolae_vaults_diagonal_hallway_7,
          nicolae_vaults_asterisk, nicolae_vaults_murderbox, v_pattern_1,
          vaults_mumra_hexcomb, dpeg_vaults_monster_box,
          nicolae_vaults_rhombus_7, uniq_mennas, uniq_frederick
Vaults:4: vaults_standard_mumra_enter_the_diamond, hangedman_vaults_capsules,
          v_misc_33, v_misc_25, nicolae_vaults_windows_and_doors_thing,
          hangedman_vaults_stretched_pinwheel, vaults_room_door_ring,
          nicolae_vaults_big_ls, nicolae_vaults_little_squares_6, serial_shops,
          shop
Vaults:5: serial_shops
Crypt:2:  feat_on_display, uniq_boris
Crypt:3:  cryptofortress_bobbens
Depths:1: hell_entry, serial_bayou_pond_e, kennysheep_doodads,
          minmay_misc_feat_x, st_stairs_7, pandoras_box_mu
Depths:2: hangedman_spin_cycle, abyss_entry, pan_entry, hell_entry
Depths:3: grunt_crosshair, enter_ziggurat_c, pan_entry,
          pf_vacation_house_of_asmodeus, grunt_megastairs_3, uniq_asterion
Depths:4: minmay_cut_squares, abyss_entry, pf_hell_entry_tar_river,
          minmay_misc_feat_square
Depths:5: grunt_zot_entry_hairpin, pan_entry, nicolae_benzene_ring,
          grunt_hell_entry_demonic_statue, roderic_digamma_sauvastika,
          statue_in_the_mist_lemuel, minmay_gold_behind_fungi, uniq_sojobo
Dis:2:    hangedman_dis_chains, nicolae_dis_hell_towers
Dis:5:    hangedman_player_shredder
Dis:7:    iron_city_of_dis
Geh:2:    evilmike_ambush
Geh:3:    hangedman_elemental_corridor
Geh:4:    lemuel_elevator
Geh:7:    geh_mu
Coc:7:    coc_mu
Tar:4:    nicolae_tar_cuneiform_city
Tar:7:    tar_mu
Zot:1:    nicolae_moth_party, guppyfry_library_mini
Zot:2:    hangedman_zot_vaults_quadrants
Zot:3:    lemuel_golem_globe
Abyss:2:  minivault_5
Abyss:3:  evilmike_abyss_rune_curve
Abyss:4:  abyss_fake_exit
Pan:      evilmike_mini_pan_possible_glass, evilmike_holy_pan,
          grunt_pan_sceptre, nicolae_pan_gloorx_vloqian_1, grunt_pan_in_and_out,
          evilmike_mini_pan_3x3, nicolae_pan_giant_door,
          nicolae_pan_sick_transit, rand_demon_4, evilmike_mini_pan_3x3,
          rand_demon_3, evilmike_mini_pan_diamond, pan_blood_fountain,
          pan_blood_fountain_small, nicolae_pan_hourglass, rand_demon_5,
          pan_blood_fountain, rand_demon_1, evilmike_mini_pan_branches,
          nicolae_pan_sigil_obb, grunt_pan_sceptre, nicolae_pan_cerebovesque_2,
          evilmike_mini_pan_T, lom_lobon_grunt, pan_blood_fountain_small,
          grunt_pan_sceptre, pan_blood_fountain_small, evilmike_mini_pan_3x3,
          pan_blood_fountain_small, mnoleg_grunt, evilmike_mini_pan_branches,
          rand_demon_4, enter_ziggurat_pan_d, evilmike_mini_pan_corridor,
          nicolae_pan_sigil_obb, grunt_pan_sceptre, enter_ziggurat_pan_a,
          rand_demon_1, pan_blood_fountain_2, evilmike_mini_pan_thingy,
          nicolae_pan_sigil_nadil, nicolae_pan_gloorx_vloqian_3,
          grunt_pan_in_and_out, pan_blood_fountain, rand_demon_7,
          evilmike_mini_pan_possible_glass, pan_blood_fountain_2,
          grunt_pan_zigzag, pan_blood_fountain, evilmike_mini_pan_V,
          pan_blood_fountain_2, evilmike_mini_pan_thingy, nicolae_pan_diamonds,
          rand_demon_9, evilmike_mini_pan_3x3, gloorx_vloq_st,
          nicolae_pan_mnolegish_1, rand_demon_5, nicolae_pan_sigil_obb,
          rand_demon_5, pan_blood_fountain, evilmike_mini_pan_other_thingy,
          cerebov, nicolae_pan_giant_door, rand_demon_2,
          pan_blood_fountain_small, lemuel_draining_boxes,
          evilmike_mini_pan_thingy, rand_demon_8
Zig:8:    ziggurat_pillar_centre_dead_trees
Zig:9:    ziggurat_pillar_centre_smoke
Zig:11:   ziggurat_pillar_centre_oklobs
IceCv:    ice_cave_small_demon
Volcano:  volcano_grotto

Action                   |  1- 3 |  4- 6 |  7- 9 | 10-12 | 13-15 | 16-18 | 19-21 | 22-24 | 25-27 || total
-------------------------+-------+-------+-------+-------+-------+-------+-------+-------+-------++-------
Melee: Mace              |   133 |   197 |   148 |       |       |       |       |       |       ||   478
       Morningstar       |       |       |    63 |    27 |       |       |       |       |       ||    90
       Giant club        |       |       |    62 |       |       |    90 |       |       |       ||   152
       Flail             |       |       |       |   868 |   216 |       |       |       |       ||  1084
       Giant spiked club |       |       |       |     4 |    35 |   501 |   739 |       |       ||  1279
       Great mace        |       |       |       |       |   970 |   449 |    36 |       |       ||  1455
       Eveningstar       |       |       |       |       |       |       |   201 |  1562 | 10441 || 12204
       Sacred scourge    |       |       |       |       |       |       |       |       |  2142 ||  2142
Throw: Javelin           |       |     3 |       |    23 |    39 |    78 |   133 |    20 |   120 ||   416
       Large rock        |       |       |       |     2 |     6 |    22 |    89 |   136 |  1181 ||  1436
       Tomahawk          |       |       |       |       |     3 |       |       |       |       ||     3
Invok: Berserk           |       |     2 |     7 |     9 |    21 |     6 |    19 |     9 |    11 ||    84
       Trog's Hand       |       |       |       |     6 |     8 |    11 |    13 |     2 |    26 ||    66
       Brothers in Arms  |       |       |       |     2 |       |       |     1 |     5 |    23 ||    31
       Burn Spellbooks   |       |       |       |       |       |       |       |       |    25 ||    25
 Abil: Evoke Blink       |       |       |       |       |     1 |       |       |       |       ||     1
       Spit Poison       |       |       |       |       |       |     2 |       |       |       ||     2
       Evoke Flight      |       |       |       |       |       |    14 |    18 |       |       ||    32
       Stop Flying       |       |       |       |       |       |       |     1 |       |       ||     1
       Breathe Fire      |       |       |       |       |       |       |       |       |     2 ||     2
Evoke: Wand              |       |       |       |     7 |     7 |    11 |     7 |     5 |    63 ||   100
       Rod               |       |       |       |     3 |     6 |     3 |       |     4 |     4 ||    20
       Deck              |       |       |       |       |     2 |     4 |     1 |     2 |     7 ||    16
       Phantom mirror    |       |       |       |       |       |       |       |       |     3 ||     3
  Use: Scroll            |       |       |     3 |    15 |    13 |    14 |    22 |    20 |    96 ||   183
       Potion            |       |       |       |       |     7 |     6 |     6 |     4 |    60 ||    83
 Stab: Distracted        |       |     1 |       |     2 |     2 |       |     2 |     3 |     5 ||    15
       Sleeping          |       |       |       |     1 |     2 |       |     1 |     3 |       ||     7
       Confused          |       |       |       |       |     1 |       |       |     5 |     3 ||     9
       Petrified         |       |       |       |       |     1 |       |       |       |     1 ||     2
       Petrifying        |       |       |       |       |       |     2 |       |       |       ||     2
       Invisible         |       |       |       |       |       |       |       |     1 |     4 ||     5
  Eat: Chunk             |     1 |     8 |    21 |    38 |    87 |    83 |    75 |    89 |   143 ||   545
       Fruit             |       |     1 |     1 |     5 |     3 |       |       |     3 |    32 ||    45
       Royal jelly       |       |       |       |       |       |       |       |     1 |     2 ||     3
       Beef jerky        |       |       |       |       |       |       |       |       |    27 ||    27
       Pizza             |       |       |       |       |       |       |       |       |    13 ||    13
       Meat ration       |       |       |       |       |       |       |       |       |    12 ||    12
       Bread ration      |       |       |       |       |       |       |       |       |     6 ||     6
